 Dungeon Crawl Stone Soup version 0.24-a0-584-g9d6b971ae4 (webtiles) character file.

Game seed: 10259717830589095685, levelgen mode: classic

10559761 1994 the Conqueror (level 27, 249/249 HPs)
             Began as a Mummy Summoner on Aug 27, 2019.
             Was an Initiate of Gozag.
             Escaped with the Orb
             ... and 15 runes on Aug 29, 2019!
             The game lasted 16:38:17 (157210 turns).

1994 the Conqueror (Mummy Summoner)               Turns: 157210, Time: 16:38:17

Health: 249/249    AC: 37    Str: 10    XL:     27
Magic:  54/54      EV: 16    Int: 54    God:    Gozag
Gold:   11238      SH: 18    Dex: 13    Spells: 4/80 levels left

rFire    + + .     SeeInvis +   a - +10 trident "Goyna" {flame, +Fly Int+7}
rCold    + + +     Gourm    .   F - +5 shield {reflect}
rNeg     + + +     Faith    .   z - +5 scale mail of Ytaedgh {rC++ Int+6}
rPois    ∞         Spirit   .   B - +2 helmet {Int+3}
rElec    +         Reflect  +   q - +2 cloak {MR+}
rCorr    .         Harm     .   v - +2 pair of gloves {Str+3}
MR       ++++.                  m - +0 pair of boots "Rinabry" {+Inv rElec rF++ Regen+ Str-3}
Stlth    ..........             H - amulet of Pays {Acrobat rF+ MR- Str-3 Int+9}
HPRegen  0.91/turn              x - ring of Robustness {AC+8}
MPRegen  0.34/turn              r - ring "Nyqeklap" {+Fly rN+ MR+ Int+4 SInv}

@: gold aura, deflect missiles
A: no food or potions, fire vulnerability, cold resistance 1, negative energy
resistance 3, torment resistance, unbreathing, in touch with death 2
0: Orb of Zot
}: 15/15 runes: decaying, serpentine, slimy, silver, golden, iron, obsidian,
icy, bone, abyssal, demonic, glowing, magical, fiery, dark
a: Potion Petition, Call Merchant, Bribe Branch, Renounce Religion, Evoke
Invisibility, Evoke Flight


You escaped.
You worshipped Gozag.
Gozag was extremely pleased with you.
You were not hungry.

You visited 18 branches of the dungeon, and saw 90 of its levels.
You visited Pandemonium 1 time, and saw 19 of its levels.
You visited the Abyss 2 times.
You visited 1 bazaar.

You collected 65190 gold pieces.
You spent 16696 gold pieces at shops.
You paid 37256 gold pieces to Gozag.

Inventory:

Hand Weapons
 a - the +10 trident "Goyna" (weapon) {flame, +Fly Int+7}
   (You found it on level 4 of the Abyss)

   It has been specially enchanted to burn those struck by it, causing extra
   injury to most foes and up to half again as much damage against particularly
   susceptible opponents.
   It affects your intelligence (+7).
   It lets you fly.
 b - the +8 autumn katana {slice, Clar}
   (You took it off a deep elf sorcerer on level 3 of the Elven Halls)

   It inflicts extra damage upon your enemies.
   It protects you against confusion.
 j - the +7 sceptre of Torment {pain, torment}
   (You found it on level 5 of the Vaults)

   In the hands of one skilled in necromantic magic, it inflicts extra damage on
   living creatures.
 t - the +8 scimitar of Aczy {freeze, rF+ Int+4 Stlth+}
   (You bought it in a shop on level 5 of the Depths)

   It has been specially enchanted to freeze those struck by it, causing extra
   injury to most foes and up to half again as much damage against particularly
   susceptible opponents.
   It can also slow down cold-blooded creatures.
   It affects your intelligence (+4).
   It protects you from fire.
   It makes you more stealthy.
 D - the +4 staff of Dispater
   (You took it off Dispater on level 7 of the Iron City of Dis)
 R - the +6 sword of Cerebov {flame}
   (You took it off Cerebov in Pandemonium)

   It has been specially enchanted to burn those struck by it, causing extra
   injury to most foes and up to half again as much damage against particularly
   susceptible opponents.
   Big, fiery blades are also staple armaments of hydra-hunters.
Missiles
 T - 26 throwing nets (quivered)
Armour
 m - the +0 pair of boots "Rinabry" (worn) {+Inv rElec rF++ Regen+ Str-3}
   (You found it on level 3 of the Elven Halls)

   It affects your strength (-3).
   It greatly protects you from fire.
   It insulates you from electricity.
   It lets you turn invisible.
   It increases your rate of regeneration.
 q - a +2 cloak of magic resistance (worn)
 v - a +2 pair of gloves of strength (worn)
 z - the +5 scale mail of Ytaedgh (worn) {rC++ Int+6}
   (You bought it in a shop on level 5 of the Depths)

   It affects your intelligence (+6).
   It greatly protects you from cold.
 B - a +2 helmet of intelligence (worn)
 F - a +5 shield of reflection (worn)
 N - a +2 large shield of resistance
Magical Staves
 c - an uncursed staff of wizardry
 w - an uncursed staff of energy
 C - an uncursed staff of summoning
 Y - an uncursed staff of death
Jewellery
 r - the ring "Nyqeklap" (right hand) {+Fly rN+ MR+ Int+4 SInv}
   (You found it on level 3 of the Snake Pit)

   [ring of see invisible]

   It affects your intelligence (+4).
   It protects you from negative energy.
   It affects your resistance to hostile enchantments.
   It lets you see invisible.
   It lets you fly.
 u - the ring "Umykoeqe" {rF+ Str+5}
   (You bought it in a shop on level 12 of the Dungeon)

   [ring of protection from fire]

   It affects your strength (+5).
   It protects you from fire.
 x - the ring of Robustness (left hand) {AC+8}
   (You bought it in a shop in a bazaar)

   [ring of protection]

   It affects your AC (+8).
 y - the amulet "Jud Esil" {Reflect Str+3 Int+2 SH+3 SInv}
   (You bought it in a shop on level 12 of the Dungeon)

   [amulet of reflection]

   It shields you and reflects attacks.
   It affects your strength (+3).
   It affects your intelligence (+2).
   It lets you see invisible.
   It affects your SH (+3).
 H - the amulet of Pays (around neck) {Acrobat rF+ MR- Str-3 Int+9}
   (You bought it in a shop on level 12 of the Dungeon)

   [amulet of the acrobat]

   It helps you evade while moving and waiting.
   It affects your strength (-3).
   It affects your intelligence (+9).
   It protects you from fire.
   It affects your resistance to hostile enchantments.
 K - an uncursed ring of resist corrosion
 O - the ring of Kitietya {rF+ EV+5}
   (You found it on level 3 of the Tomb of the Ancients)

   [ring of evasion]

   It affects your evasion (+5).
   It protects you from fire.
 P - the ring of Matephut {+Blink +Fly rElec Str-3}
   (You found it on level 12 of the Dungeon)

   [ring of flight]

   It affects your strength (-3).
   It insulates you from electricity.
   It lets you fly.
   It lets you blink.
 U - the amulet of Vitality {Regen+ HP+15}
   (You bought it in a shop on level 5 of the Depths)

   [amulet of regeneration]

   It affects your health (+15).
   It increases your rate of regeneration.
Wands
 d - a wand of acid (24)
 l - a wand of digging (33)
 E - a wand of iceblast (47)
 I - a wand of paralysis (49)
Scrolls
 e - 18 scrolls of identify
 f - 20 scrolls of teleportation
 g - 37 scrolls of remove curse
 h - 20 scrolls of immolation
 k - 14 scrolls of fear
 n - 9 scrolls of fog
 o - 8 scrolls of blinking
 G - 2 scrolls of silence
 L - 7 scrolls of summoning
 X - 2 scrolls of torment
Miscellaneous
 i - 7 phantom mirrors
 s - a crystal ball of energy
 J - a fan of gales
 M - 7 boxes of beasts
 Z - a lamp of fire


   Skills:
 O Level 27 Fighting
 - Level 12.0 Long Blades
 + Level 17.7 Armour
 + Level 16.7 Dodging
 - Level 1.5 Stealth
 - Level 15.0 Shields
 O Level 27 Spellcasting
 - Level 6.0 Conjurations
 - Level 5.0 Charms
 - Level 18.0 Summonings
 - Level 17.0 Necromancy
 - Level 19.0 Translocations
 - Level 5.0 Air Magic
 - Level 8.0 Earth Magic
 * Level 19.7 Evocations


You had 4 spell levels left.
You knew the following spells:

 Your Spells              Type           Power        Failure   Level  Hunger
a - Malign Gateway        Summ/Tloc      ########..   1%          7    N/A
b - Bolt of Draining      Conj/Necr      #########.   1%          5    N/A
c - Summon Lightning Spi  Summ/Air       ########     1%          4    N/A
d - Dispel Undead         Necr           ########     0%          5    N/A
e - Blink                 Tloc           N/A          0%          2    N/A
f - Vampiric Draining     Necr           #########.   0%          3    N/A
g - Borgnjor's Vile Clut  Necr/Erth      #########.   1%          5    N/A
h - Haunt                 Necr/Summ      #########.   1%          7    N/A
i - Summon Horrible Thin  Summ           ########..   1%          8    N/A
j - Infestation           Necr           #########.   2%          8    N/A
k - Passwall              Tmut/Erth      #######.     1%          2    N/A
l - Aura of Abjuration    Summ           ########..   0%          5    N/A
m - Deflect Missiles      Chrm/Air       #######...   8%          6    N/A
n - Controlled Blink      Tloc           N/A          1%          8    N/A
p - Apportation           Tloc           ######       0%          1    N/A

Your spell library contained the following spells:

 Spells                   Type           Power        Failure   Level  Hunger
 Animate Skeleton         Necr           N/A          0%          1    N/A
 Pain                     Necr           ####         0%          1    N/A
 Sandblast                Erth           ######       0%          1    N/A
 Summon Butterflies       Summ           ########     0%          1    N/A
 Summon Small Mammal      Summ           ####         0%          1    N/A
 Call Imp                 Summ           ########     0%          2    N/A
 Corpse Rot               Necr           N/A          0%          2    N/A
 Shroud of Golubria       Chrm/Tloc      ######       0%          2    N/A
 Call Canine Familiar     Summ           ########     0%          3    N/A
 Gell's Gravitas          Tloc           ########..   0%          3    N/A
 Lesser Beckoning         Tloc           ########..   0%          3    N/A
 Recall                   Summ/Tloc      N/A          0%          3    N/A
 Teleport Other           Tloc           ########     0%          3    N/A
 Animate Dead             Necr           N/A          0%          4    N/A
 Confusing Touch          Hex            ######       1%          1    N/A
 Corona                   Hex            ######.      1%          1    N/A
 Flame Tongue             Conj/Fire      #####        1%          1    N/A
 Infusion                 Chrm           ####         1%          1    N/A
 Magic Dart               Conj           ####         1%          1    N/A
 Shock                    Conj/Air       ####         1%          1    N/A
 Sting                    Conj/Pois      ####         1%          1    N/A
 Ensorcelled Hibernation  Hex/Ice        ######       1%          2    N/A
 Poisonous Vapours        Pois/Air       ######       1%          2    N/A
 Slow                     Hex            ######..     1%          2    N/A
 Song of Slaying          Chrm           #######.     1%          2    N/A
 Sticks to Snakes         Tmut           ######..     1%          2    N/A
 Swiftness                Chrm/Air       #######.     1%          2    N/A
 Throw Flame              Conj/Fire      ######       1%          2    N/A
 Confuse                  Hex            ######..     1%          3    N/A
 Conjure Flame            Conj/Fire      #######.     1%          3    N/A
 Dazzling Spray           Conj/Hex       ######       1%          3    N/A
 Ignite Poison            Fire/Tmut/Pois ######..     1%          3    N/A
 Inner Flame              Hex/Fire       ######..     1%          3    N/A
 Mephitic Cloud           Conj/Pois/Air  #######.     1%          3    N/A
 Ozocubu's Armour         Chrm/Ice       #######.     1%          3    N/A
 Portal Projectile        Hex/Tloc       ######       1%          3    N/A
 Spectral Weapon          Hex/Chrm       #######.     1%          3    N/A
 Static Discharge         Conj/Air       #######.     1%          3    N/A
 Stone Arrow              Conj/Erth      ######       1%          3    N/A
 Summon Guardian Golem    Hex/Summ       ########     1%          3    N/A
 Tukima's Dance           Hex            ######..     1%          3    N/A
 Airstrike                Air            #######...   1%          4    N/A
 Force Lance              Conj/Tloc      ########     1%          4    N/A
 Leda's Liquefaction      Hex/Erth       #######...   1%          4    N/A
 Petrify                  Tmut/Erth      #######.     1%          4    N/A
 Sticky Flame             Conj/Fire      #######.     1%          4    N/A
 Summon Ice Beast         Ice/Summ       ########     1%          4    N/A
 Throw Icicle             Conj/Ice       #######.     1%          4    N/A
 Cause Fear               Hex            ######....   3%          4    N/A
 Olgreb's Toxic Radiance  Pois           ######..     3%          4    N/A
 Summon Demon             Summ           ########..   0%          5    N/A
 Summon Forest            Summ/Tloc      ########..   0%          5    N/A
 Bolt of Magma            Conj/Fire/Erth #######...   1%          5    N/A
 Iskenderun's Battlesphe  Conj/Chrm      #######.     1%          5    N/A
 Lee's Rapid Deconstruct  Erth           ########..   1%          5    N/A
 Lightning Bolt           Conj/Air       #######...   1%          5    N/A
 Summon Mana Viper        Hex/Summ       ########     1%          5    N/A
 Death Channel            Necr           #########.   1%          6    N/A
 Dispersal                Tloc           ########..   1%          6    N/A
 Shadow Creatures         Summ           N/A          1%          6    N/A
 Simulacrum               Ice/Necr       #########.   1%          6    N/A
 Monstrous Menagerie      Summ           ########..   1%          7    N/A
 Summon Greater Demon     Summ           ########..   1%          7    N/A
 Summon Hydra             Summ           ########..   1%          7    N/A
 Disjunction              Tloc           ########..   1%          8    N/A
 Spellforged Servitor     Conj/Summ      ########..   2%          7    N/A
 Fireball                 Conj/Fire      #######...   3%          5    N/A
 Irradiate                Conj/Tmut      #######...   3%          5    N/A
 Silence                  Hex/Air        #######...   3%          5    N/A
 Venom Bolt               Conj/Pois      #######...   3%          5    N/A
 Iron Shot                Conj/Erth      #######...   3%          6    N/A
 Conjure Ball Lightning   Conj/Air       #######...   6%          6    N/A
 Alistair's Intoxication  Tmut/Pois      ######..     11%         5    N/A
 Metabolic Englaciation   Hex/Ice        ######....   11%         5    N/A
 Yara's Violent Unravell  Hex/Tmut       ######....   11%         5    N/A
 Freezing Cloud           Conj/Ice/Air   #######...   13%         6    N/A
 Bolt of Cold             Conj/Ice       #######...   17%         6    N/A
 Bolt of Fire             Conj/Fire      #######...   17%         6    N/A
 Poison Arrow             Conj/Pois      #######...   17%         6    N/A
 Orb of Destruction       Conj           #######...   28%         7    N/A
 Darkness                 Hex            ######....   52%         6    N/A
 Invisibility             Hex            ######..     52%         6    N/A
 Ozocubu's Refrigeration  Ice            ######....   52%         6    N/A
 Ring of Flames           Chrm/Fire      #######...   75%         7    N/A
 Lehudib's Crystal Spear  Conj/Erth      #######...   82%         8    N/A
 Chain Lightning          Conj/Air       #######...   95%         8    N/A
 Discord                  Hex            ######....   100%        8    N/A
 Ignition                 Fire           ######....   100%        8    N/A
 Fire Storm               Conj/Fire      #######...   100%        9    N/A
 Glaciate                 Conj/Ice       #######...   100%        9    N/A
 Shatter                  Erth           ########..   100%        9    N/A
 Tornado                  Air            #######...   100%        9    N/A
 Sublimation of Blood     Necr           Unusable     N/A         2    N/A
 Regeneration             Chrm/Necr      Unusable     N/A         3    N/A
 Beastly Appendage        Tmut           Unusable     N/A         1    N/A
 Spider Form              Tmut/Pois      Unusable     N/A         3    N/A
 Ice Form                 Ice/Tmut       Unusable     N/A         4    N/A
 Borgnjor's Revivificati  Necr           Unusable     N/A         8    N/A
 Blade Hands              Tmut           Unusable     N/A         5    N/A
 Statue Form              Tmut/Erth      Unusable     N/A         6    N/A
 Death's Door             Chrm/Necr      Unusable     N/A         8    N/A
 Hydra Form               Tmut           Unusable     N/A         6    N/A
 Necromutation            Tmut/Necr      Unusable     N/A         8    N/A
 Dragon Form              Tmut           Unusable     N/A         7    N/A

Dungeon Overview and Level Annotations

Branches:
Dungeon (15/15)            Temple (1/1) D:7            Lair (6/6) D:9
  Swamp (4/4) Lair:3        Snake (4/4) Lair:4        Slime (5/5) Lair:6
    Orc (2/2) D:11            Elf (3/3) Orc:2        Vaults (5/5) D:14
  Crypt (3/3) Vaults:2       Tomb (3/3) Crypt:3      Depths (5/5) D:15
   Hell (visited)             Dis (7/7) Hell            Geh (7/7) Hell
    Coc (7/7) Hell            Tar (7/7) Hell            Zot (5/5) Depths:5

Altars:
Ashenzari
Cheibriados
Dithmenos
Elyvilon
Fedhas
Gozag
Hepliaklqana
Kikubaaqudgha
Makhleb
Nemelex Xobeh
Okawaru
Qazlal
Ru
Sif Muna
Trog
Uskayaw
Vehumet
Wu Jian
Xom
Yredelemnul
Zin
The Shining One
Beogh
Jiyva
Lugonu

Shops:
D:12 =*=[=*   D:14 *[[[   Orc:2 (?:(   Elf:2 ?   Elf:3 ?   Snake:1 %
Snake:3 }   Vaults:1 *   Vaults:3 ?(   Vaults:5 [:   Tomb:2 ==   Hell [
Depths:1 *[   Depths:2 *!%   Depths:3 *   Depths:4 ==}?   Depths:5 [:[=[(=!*

Portals:
Hell: Depths:1 Depths:2 Depths:3 Depths:4 Depths:5
Abyss: Depths:2 Depths:4
Pandemonium: Depths:3
Ziggurat: Depths:4
Trove: D:12 (give +4 shadow dragon scales)

Annotations:
Depths:4 exclusion: upstairs
Depths:5 exclusion: upstairs
Tar:1 exclusion: oklob plant
Tar:5 5 runed doors


Innate Abilities, Weirdness & Mutations

You do not eat or drink.
Your flesh is vulnerable to fire.
You are immune to poison.
Your flesh is cold resistant. (rC+)
You are immune to negative energy. (rN+++)
You are immune to unholy pain and torment.
You can survive without breathing.
You are strongly in touch with the powers of death.


Message History

Unknown command.
You start resting.
Magic restored.
You start resting.
HP restored.
The +10 trident "Goyna" {flame, +Fly Int+7} bursts into flame!
a - the +10 trident "Goyna" (weapon)
{flame, +Fly Int+7} A red devil comes into view.
It is wielding a +0 trident.
Unknown command.
Unknown command.
Put on which piece of jewellery? (? for menu, Esc to quit)
You remove the amulet of Vitality {Regen+ HP+15}.
You feel ready to tumble and roll out of harm's way.
H - the amulet of Pays (around neck) {Acrobat rF+ MR- Str-3 Int+9} Unknown command.
Unknown command.
Unknown command.
Okay, then.
Unknown command.
You have escaped!

##### #.###.## ### ##...##
#......# ##..#..###.####)##
######..#.#..##.####..#
#......#...#......##..##
#.#####.....#####.##...#
#..#...........#.....#.###
##...#.........#4...#......
#....#....@....#..#####.###
#...#...........#.)# #..#
#..#####.....#####.# ##.#
#.......#...#......# #.#
######.#####..#!#....########.##
#.......# ##..#.....).........#
#.......# ##...#....$..2####.#
#.......# ######.......#.....
#.......# #............#...#.


You could see a red devil.

Vanquished Creatures
  the Royal Jelly (Slime:5)
  Ereshkigal (Tar:7)
  Asmodeus (Geh:7)
  A seraph (Pan)
  Lom Lobon (Pan)
  Dispater (Dis:7)
  5 ancient liches
  24 greater mummies
  3 Killer Klowns
  4 shard shrikes
  Saint Roka (Crypt:1)
  Geryon (Hell)
  3 curse toes
  5 golden dragons
  2 bone dragons
  Nikola (Vaults:1)
  An electric golem (Zot:5)
  7 Tzitzimimeh
  15 Brimstone Fiends
  A doom hound (Tar:7)
  An iron giant (Dis:7)
  9 Ice Fiends
  9 tentacled monstrosities
  13 liches
  A Hell Sentinel (Dis:7)
  15 Orb Guardians
  3 pandemonium lords
  21 tentacled starspawn
  14 acid blobs
  A deep elf blademaster (Elf:3)
  2 eldritch tentacles
  3 titans
  23 Executioners
  4 sphinxes
  5 death cobs
  10 shadow dragons
  4 tengu reavers
  7 storm dragons
  11 ancient champions
  5 nagarajas (Snake:4)
  4 draconian monks
  7 azure jellies
  8 daevas (Pan)
  2 draconian knights
  24 balrugs
  20 fire giants
  3 revenants
  8 vault wardens
  10 iron dragons
  8 deep elf sorcerers
  A ghost moth (shapeshifter) (Vaults:5)
  17 frost giants
  2 draconian shifters (Zot:4)
  4 orc warlords
  A curse skull (Crypt:1)
  A juggernaut zombie (Crypt:2)
  13 cacodemons
  6 deep elf elementalists (Elf:3)
  2 draconian scorchers
  16 angels (Pan)
  8 ghouls (Crypt:2)
  3 draconian stormcallers
  3 spriggan defenders
  13 war gargoyles
  25 very ugly things
  An entropy weaver (Vaults:5)
  17 stone giants
  11 deep elf demonologists
  4 draconian annihilators
  5 ophanim (Pan)
  33 reapers
  6 apis (Pan)
  7 ironheart preservers
  7 vampire knights
  6 bennus
  6 green draconians
  5 black suns (Pan)
  A corrupter (Pan)
  4 purple draconians
  9 white draconians
  2 black draconians (Zot:4)
  3 red draconians (Zot:4)
  9 lorocyprocas
  4 yellow draconians
  Snorg (Orc:2)
  9 spark wasps
  18 deep elf annihilators
  8 deep elf death magi
  3 eidola
  9 green deaths
  13 fire dragons
  20 ettins
  8 death oozes
  11 blizzard demons
  4 quicksilver dragon zombies
  6 mummy priests (Tomb:3)
  7 deep elf high priests
  17 jiangshi
  Josephine (Lair:6)
  12 great orbs of eyes
  2 rakshasas
  13 yaktaur captains
  4 hell beasts
  6 quicksilver dragon skeletons
  22 hydras
  12 naga warriors
  7 spriggan air magi
  3 monstrous demonspawn (Pan)
  28 vault guards
  14 centaur warriors
  3 ghost crabs
  6 anacondas
  21 ice dragons
  A spectral shadow dragon (Crypt:3)
  A catoblepas (D:14)
  Erica (Orc:1)
  13 ogre magi
  4 tengu warriors
  An alligator (shapeshifter) (Abyss:3)
  8 death knights
  3 deep troll shamans
  12 alligators
  12 death scarabs
  11 vampire magi
  17 hell hogs
  8 deep troll earth magi
  38 two-headed ogres
  5 titan zombies
  A spriggan berserker (Depths:5)
  2 shock serpents
  20 thrashing horrors
  4 orc high priests
  27 soul eaters
  4 storm dragon zombies
  22 hell knights
  18 naga sharpshooters
  38 sun demons
  18 deep elf knights
  6 iron golems (Dis:7)
  76 skeletal warriors
  13 iron trolls
  3 titan skeletons
  4 wretched stars
  A death drake (Tar:4)
  15 shadow wraiths
  10 sixfirhies
  4 spatial maelstroms
  A spark wasp zombie (Crypt:1)
  3 infernal demonspawn (Pan)
  7 cherubim (Pan)
  5 unseen horrors
  5 wizards
  10 naga ritualists
  2 storm dragon skeletons
  8 swamp dragons
  A torturous demonspawn (Pan)
  9 anaconda zombies
  3 spriggan druids
  11 glowing orange brains
  A deep troll (shapeshifter) (Vaults:3)
  A shadow dragon zombie (Crypt:1)
  31 deep trolls
  12 shadow demons
  2 golden dragon skeletons
  12 deep elf archers
  10 flayed ghosts
  4 wolf spider zombies
  14 ironbrand convokers
  5 anaconda skeletons
  7 phantasmal warriors
  13 orc knights
  60 deep elf magi
  10 necromancers
  An oklob plant (Snake:4)
  5 frost giant zombies
  A harpy (shapeshifter) (Vaults:3)
  47 ugly things
  3 fire giant zombies
  6 stone giant zombies
  6 orc sorcerers
  5 mana vipers
  9 wolf spiders
  9 shining eyes
  8 salamanders
  7 worldbinders
  An iron dragon skeleton (Geh:7)
  A cyclops (shapeshifter) (Elf:1)
  3 shadow dragon skeletons
  3 iron dragon zombies
  8 elephants
  2 cyclopes
  A manticore (D:14)
  4 centaur zombies
  3 apocalypse crabs (Abyss:3)
  2 human skeletons
  3 frost giant skeletons
  4 fire giant skeletons
  20 moths of wrath
  40 black mambas
  26 naga magi
  2 shock serpent zombies
  2 molten gargoyles
  4 guardian serpents
  35 smoke demons
  4 stone giant skeletons
  3 vault sentinels
  29 rust devils
  3 torpor snails (Lair:6)
  3 centaur skeletons
  8 gargoyles
  2 dire elephant zombies
  13 orange demons
  18 spiny frogs
  4 emperor scorpion zombies
  21 hellions
  A green draconian zombie (Crypt:2)
  6 dire elephant skeletons
  29 ice devils
  A death yak zombie (Lair:5)
  10 efreet
  A rime drake (shapeshifter) (Vaults:2)
  3 komodo dragons
  9 ancient zymes
  25 tormentors
  A rime drake (Lair:6)
  15 freezing wraiths
  41 yaktaurs
  7 hydra zombies
  A catoblepas skeleton (Geh:7)
  8 hellwings (Pan)
  A green draconian skeleton (Crypt:1)
  27 guardian mummies
  13 demonic crawlers
  2 tengu conjurers (Depths:3)
  A silent spectre (Tar:7)
  A meliai (Lair:5)
  23 red devils
  5 trolls
  A wind drake (shapeshifter) (Vaults:3)
  A harpy zombie (Geh:7)
  8 tyrant leeches
  2 jumping spiders (shapeshifter)
  A troll (shapeshifter) (Vaults:4)
  55 slime creatures
  73 large abominations
  15 hornets
  7 hydra skeletons
  2 ice dragon zombies
  39 raiju
  5 fire dragon zombies
  7 hippogriffs
  A raiju (shapeshifter) (Abyss:3)
  2 harpy skeletons
  11 bog bodies
  A slime creature (shapeshifter) (Vaults:5)
  A stone giant simulacrum (Coc:7)
  14 blink frogs
  3 ettin zombies
  6 dream sheep
  2 fire giant simulacra
  A fire dragon skeleton (Coc:7)
  A hippogriff (shapeshifter) (Abyss:4)
  5 alligator skeletons
  3 ettin skeletons
  124 flying skulls
  An air elemental (Elf:1)
  4 alligator zombies
  28 ynoxinuls
  3 tarantellas (shapeshifter)
  3 ice dragon skeletons
  3 spriggans
  11 ushabtiu
  16 shadows
  A vampire (Abyss:4)
  9 water elementals
  6 black mamba zombies
  3 redbacks (Lair:6)
  23 wraiths
  5 wyverns (Lair:6)
  26 yaks
  18 fire elementals
  20 vampire mosquitoes
  A black mamba skeleton (Pan)
  11 golden eyes
  A spriggan simulacrum (Depths:3)
  5 basilisks
  12 neqoxecs
  3 hungry ghosts
  24 chaos spawn
  A human simulacrum (Vaults:4)
  A spatial vortex (Geh:1)
  10 swamp worms
  13 insubstantial wisps
  8 wargs
  A soldier ant (D:14)
  2 gelid demonspawn zombies
  40 nagas
  6 spiny frog zombies
  4 acid dragons
  4 hydra simulacra
  11 water moccasins
  17 hell hounds
  4 spiny frog skeletons
  A porcupine (Lair:5)
  A merfolk skeleton (Coc:7)
  A gelid demonspawn skeleton (Tar:5)
  45 small abominations
  72 orc warriors
  16 swamp drakes
  5 eyes of draining
  5 snapping turtle zombies
  An eye of draining (shapeshifter) (Vaults:5)
  2 ice beasts (Coc:3)
  6 slaves (Depths:2)
  A black bear (D:13)
  3 human zombies
  3 sky beasts
  A sky beast (shapeshifter) (Abyss:3)
  17 necrophages
  2 phantoms
  An elephant zombie (Lair:6)
  A swamp dragon zombie (Dis:7)
  9 wolves
  2 manticore skeletons
  38 ogres
  4 snapping turtle skeletons
  9 boggarts
  9 crocodiles
  22 centaurs
  2 blink frog skeletons
  An elephant skeleton (Lair:5)
  A swamp dragon skeleton (Pan)
  3 komodo dragon zombies
  A big kobold (D:8)
  A rime drake zombie (Lair:6)
  A salamander zombie (Crypt:2)
  2 hippogriff zombies
  9 bullfrogs
  An earth elemental (Elf:2)
  2 cyclops zombies (Orc:2)
  A spiny frog simulacrum (Coc:7)
  An elf skeleton (Geh:2)
  3 water moccasin zombies (Lair:5)
  A yaktaur skeleton (Vaults:1)
  A wyvern skeleton (D:11)
  A cyclops skeleton (D:12)
  4 troll zombies
  A yak zombie (Lair:4)
  3 scorpions
  2 warg skeletons (Orc:2)
  A polar bear skeleton (Lair:6)
  15 killer bees (Lair:5)
  A killer bee (shapeshifter) (Depths:3)
  2 howler monkeys
  4 troll skeletons
  23 wights
  2 electric eels (D:6)
  A vampire bat (D:5)
  13 crimson imps
  7 quasits
  19 starcursed masses
  A bullfrog zombie (Lair:6)
  32 orc priests
  2 hounds
  A jelly (Abyss:1)
  22 iron imps
  A bullfrog skeleton (Lair:5)
  2 iguanas
  19 orc wizards
  9 worker ants
  A tengu zombie (Coc:2)
  4 crocodile skeletons
  A naga skeleton (Pan)
  3 ogre zombies
  2 spectral hounds (Depths:2)
  A tengu skeleton (Coc:5)
  2 ogre skeletons (Orc:2)
  2 hound skeletons
  24 mummies
  A gnoll (D:8)
  2 orc zombies
  5 adders
  A howler monkey skeleton (Crypt:1)
  6 shadow imps
  16 white imps
  4 ufetubi
  An adder skeleton (D:8)
  9 orc skeletons (Orc:2)
  115 orcs
  5 bats
  A bat skeleton (Crypt:2)
  A bat zombie (D:5)
  2 giant cockroaches
  3 goblins
  3 hobgoblins
  2 jackals (D:10)
  4 kobolds
  5 quokkas
  A dart slug zombie (Crypt:2)
  3 frilled lizards
  A leopard gecko skeleton (D:5)
  9 rats
  A rat skeleton (Crypt:1)
  A briar patch (Swamp:3)
  11 bushes
  A fire vortex (Pan)
  13 fungi
  2 lurking horrors (Abyss:3)
  3 macabre masses (Abyss:3)
  16 plants
  13 starspawn tentacles
  3 tentacles
3705 creatures vanquished.

Vanquished Creatures (collateral kills)
  Cerebov (Pan)
  Antaeus (Coc:7)
  the Serpent of Hell (Tar:7)
  Gloorx Vloq (Pan)
  Mnoleg (Pan)
  Khufu (Tomb:3)
  5 pandemonium lords
  Mara (Crypt:3)
  6 orbs of fire
  A juggernaut (Depths:3)
  11 greater mummies
  6 ancient liches
  6 shard shrikes
  3 Killer Klowns
  7 golden dragons
  A profane servitor (Crypt:3)
  A doom hound (Tar:5)
  8 bone dragons
  7 liches
  2 iron giants (Dis:7)
  10 Tzitzimimeh
  3 electric golems
  9 Brimstone Fiends
  9 Ice Fiends
  13 Hell Sentinels
  9 tentacled monstrosities
  9 Orb Guardians (Zot:5)
  A deep elf blademaster (Elf:2)
  4 quicksilver dragons
  4 titans
  14 acid blobs
  An eldritch tentacle (Pan)
  6 sphinxes (Tomb:1)
  6 tentacled starspawn
  3 ancient champions (Dis:7)
  13 Executioners
  3 death cobs
  2 draconian monks
  17 shadow dragons
  2 thorn hunters
  5 daevas (Pan)
  7 azure jellies
  2 tengu reavers (Vaults:5)
  5 fire giants
  2 revenants
  8 storm dragons
  7 iron dragons
  6 frost giants
  A draconian knight (Depths:5)
  Roxanne (Swamp:3)
  A ghost moth (Zot:5)
  A draconian scorcher (Zot:2)
  5 black suns (Pan)
  11 balrugs
  4 draconian annihilators
  A ghoul (Crypt:3)
  5 war gargoyles
  6 cacodemons (Pan)
  2 curse skulls (Pan)
  A draconian shifter (Zot:2)
  2 ironheart preservers (Vaults:5)
  34 reapers
  4 warmongers (Pan)
  5 angels (Pan)
  2 draconian stormcallers
  8 stone giants
  A blood saint (Pan)
  A corrupter (Pan)
  7 very ugly things
  9 ophanim (Pan)
  3 elemental wellsprings (Coc:7)
  6 green draconians
  6 black draconians
  3 apis (Pan)
  2 lorocyprocas
  A dire elephant (Abyss:1)
  6 bennus
  5 yellow draconians
  A deep elf annihilator (Pan)
  2 purple draconians
  26 starcursed masses
  5 spark wasps
  4 white draconians
  5 red draconians
  7 ettins
  5 blizzard demons
  10 mummy priests
  3 fire dragons
  A deep elf death mage (Crypt:3)
  8 death oozes
  A yaktaur captain (Vaults:5)
  2 kraken zombies
  A deep elf high priest (Vaults:5)
  A jiangshi (Crypt:2)
  2 quicksilver dragon skeletons
  A hell beast (Pan)
  5 great orbs of eyes
  13 vault guards (Vaults:5)
  6 ice dragons
  9 rakshasas
  2 hydras
  2 monstrous demonspawn (Pan)
  An anaconda (shapeshifter) (Depths:3)
  A catoblepas (Lair:2)
  2 death knights
  4 two-headed ogres
  An ogre mage (Vaults:5)
  A centaur warrior (D:13)
  2 shambling mangroves
  8 dancing weapons (Elf:2)
  An alligator (Swamp:3)
  18 death scarabs
  8 hell hogs
  A tengu warrior (Depths:3)
  A titan zombie (Geh:7)
  9 thrashing horrors
  An orc high priest (Orc:2)
  A deep troll shaman (Depths:3)
  A vampire mage (Tar:7)
  3 spriggan berserkers
  15 soul eaters
  7 deep elf knights
  17 sun demons
  22 hell knights
  6 iron trolls
  4 iron golems
  16 wretched stars
  6 spriggans (Depths:4)
  A ghost moth zombie (Geh:7)
  9 shadow wraiths
  32 skeletal warriors
  5 sixfirhies
  3 spatial maelstroms (Abyss:3)
  A titan skeleton (Coc:6)
  3 deep trolls
  3 anaconda zombies
  4 glowing orange brains
  2 cherubim (Pan)
  5 torturous demonspawn (Pan)
  4 infernal demonspawn (Pan)
  3 golden dragon zombies
  3 wizards
  5 flayed ghosts
  3 golden dragon skeletons
  2 shadow dragon zombies
  6 shadow demons (Tar:7)
  An orc knight (D:11)
  A lindwurm (Lair:6)
  A wolf spider zombie (Geh:2)
  3 anaconda skeletons (Coc:7)
  12 phantasmal warriors
  A lindwurm (shapeshifter) (Vaults:5)
  2 ironbrand convokers
  3 necromancers
  An iron dragon zombie (Coc:6)
  A wolf spider (Zot:1)
  12 oklob plants
  2 cyclopes
  A frost giant zombie (Coc:7)
  11 deep elf magi
  9 ugly things
  5 fire giant zombies
  7 shining eyes
  An iron dragon skeleton (Coc:3)
  A dire elephant zombie (Tar:7)
  2 stone giant zombies
  A salamander (shapeshifter) (Vaults:4)
  A worldbinder (Abyss:3)
  3 elephants
  A stone giant skeleton (Dis:1)
  A frost giant skeleton (Coc:2)
  A toenail golem (Pan)
  24 large abominations
  10 rust devils
  7 moths of wrath
  4 black mambas
  An ice statue (Coc:7)
  A titan simulacrum (Tar:1)
  4 eyes of devastation
  3 apocalypse crabs
  4 molten gargoyles (Geh:7)
  33 smoke demons
  2 torpor snails (Lair:6)
  Joseph (D:7)
  19 hellions
  7 fire giant skeletons
  An emperor scorpion zombie (Coc:7)
  2 shock serpent skeletons
  6 spiny frogs
  8 orange demons (Pan)
  2 dire elephant skeletons
  2 komodo dragons (Lair:3)
  A yellow draconian zombie (Dis:7)
  7 yaktaurs
  9 freezing wraiths
  An anaconda simulacrum (Abyss:3)
  2 efreet
  A demonic crawler (Pan)
  18 ice devils
  18 tormentors
  25 guardian mummies
  13 hellwings (Pan)
  A silent spectre (Tar:7)
  A meliai (shapeshifter) (Abyss:3)
  6 hydra zombies
  A queen bee (Lair:5)
  2 meliai (Lair:5)
  22 red devils
  2 trolls (Zot:1)
  4 ancient zymes
  10 hornets
  3 tyrant leeches
  A harpy skeleton (Tomb:2)
  7 ettin zombies
  3 fire dragon zombies
  88 slime creatures
  9 hippogriffs
  8 raiju
  11 blink frogs
  An ice dragon zombie (Geh:2)
  2 bog bodies (Coc:7)
  6 dream sheep
  The ghost of feelmyfire the Cutter, an amateur HaGl (D:3)
  A frost giant simulacrum (Coc:7)
  3 ettin skeletons
  A redback (Vaults:5)
  6 alligator zombies
  An alligator skeleton (Hell)
  41 flying skulls
  2 ice dragon skeletons
  3 water elementals
  9 ynoxinuls
  3 air elementals
  3 shadows
  4 wyverns
  2 vampires (Depths:2)
  14 wraiths
  3 hungry ghosts
  6 ushabtiu
  7 chaos spawn
  A fire bat (Abyss:3)
  18 yaks
  4 basilisks
  8 fire elementals
  26 neqoxecs
  8 golden eyes
  A black mamba skeleton (Abyss:3)
  2 nagas (Lair:4)
  2 wargs
  5 insubstantial wisps
  A soldier ant (D:11)
  3 swamp worms (Lair:3)
  14 water moccasins
  An acid dragon (D:11)
  21 hell hounds
  4 spatial vortices
  A floating eye (shapeshifter) (Vaults:5)
  Duvessa (D:7)
  A black bear (D:8)
  A monstrous demonspawn skeleton (Abyss:3)
  2 spiny frog zombies
  11 small abominations
  5 porcupines
  4 orc warriors
  2 snapping turtle zombies
  3 spiny frog skeletons
  6 eyes of draining
  A swamp dragon zombie (Geh:2)
  4 ice beasts
  An ogre (shapeshifter) (Abyss:3)
  An ettin simulacrum (Crypt:3)
  2 phantoms
  9 necrophages
  16 ogres
  8 wolves
  7 centaurs
  8 crocodiles
  A snapping turtle skeleton (Tar:7)
  A torpor snail zombie (Crypt:1)
  2 hippogriff zombies
  A big kobold (D:12)
  10 bullfrogs
  A gnoll sergeant (D:8)
  An elf zombie (Geh:2)
  Dowan (D:7)
  An elf skeleton (Tar:7)
  A wyvern skeleton (D:11)
  A yak zombie (Lair:5)
  6 killer bees (Lair:5)
  A troll skeleton (Coc:6)
  24 wights
  A vampire bat (D:5)
  A howler monkey (D:8)
  6 crimson imps
  3 quasits (Abyss:3)
  6 hounds
  4 jellies
  A bullfrog zombie (D:8)
  5 orc priests
  Crazy Yiuf (D:6)
  A bullfrog skeleton (D:10)
  3 iguanas
  24 iron imps
  7 orc wizards
  4 centaur skeletons
  A human skeleton (Dis:1)
  3 worker ants
  2 killer bee zombies
  A deep dwarf zombie (Crypt:1)
  2 ogre zombies
  A tengu skeleton (Tar:7)
  40 mummies
  3 worker ant zombies
  17 gnolls
  7 adders
  3 shadow imps
  2 white imps (Coc:7)
  2 ufetubi (Abyss:3)
  2 worms
  2 dart slugs
  2 leopard geckos
  36 orcs
  2 bats
  4 bat skeletons (D:5)
  2 bat zombies (D:5)
  A giant cockroach (D:2)
  5 goblins
  5 hobgoblins
  2 jackals (D:10)
  3 quokkas
  A ball python skeleton (D:4)
  A ball python zombie (D:5)
  A jackal skeleton (D:7)
  15 kobolds
  2 rats
  A briar patch (Swamp:3)
  22 bushes (Zot:3)
  4 fire vortices (Pan)
  18 fungi
  A lurking horror (Abyss:3)
  15 plants
  13 starspawn tentacles
  2 tentacles
1965 creatures vanquished.

Vanquished Creatures (others)
  A bone dragon (Abyss:3)
  219 eldritch tentacles
  A draconian monk (Zot:1)
  A balrug (Geh:7)
  An angel (Pan)
  A draconian knight (Zot:4)
  An ironheart preserver (Vaults:5)
  5 stone giants
  A blizzard demon (Pan)
  An ettin (Depths:2)
  3 yaktaur captains
  2 rakshasas (Pan)
  21 dancing weapons
  A two-headed ogre (Zot:1)
  2 naga sharpshooters
  A cherub (Pan)
  2 deep elf archers
  An anaconda skeleton (Coc:7)
  A glowing orange brain (Pan)
  A wizard (Depths:3)
  A phantasmal warrior (Dis:7)
  An ugly thing (Depths:2)
  A necromancer (Vaults:1)
  A cyclops (Depths:2)
  A worldbinder (Abyss:3)
  A rust devil (Dis:7)
  A smoke demon (Pan)
  A hellion (Geh:7)
  An efreet (Abyss:3)
  4 yaktaurs
  3 hellwings (Pan)
  A hornet (Swamp:4)
  3 raiju (Abyss:3)
  A harpy zombie (Geh:1)
  2 bog bodies (Coc:7)
  2 flying skulls
  2 ynoxinuls (Abyss:3)
  A spriggan (shapeshifter) (Abyss:3)
  A water elemental (Coc:2)
  2 spriggans
  A wraith (Dis:7)
  A golden eye (Abyss:3)
  5 small abominations
  A neqoxec (Abyss:3)
  A chaos spawn (Pan)
  4 large abominations
  A hell hound (Abyss:3)
  4 centaurs
  A crimson imp (Pan)
  A jelly (Abyss:3)
  3 white imps (Abyss:3)
  2 ufetubi (Abyss:3)
  9 ball lightnings
  An orc (D:15)
  4 briar patches (Swamp:3)
  5 bushes
  3 fire vortices
  44 fungi
  2 lurking horrors
  A macabre mass (Abyss:3)
  43 plants
  64 starspawn tentacles
  9 tentacles
  3 withered plants (Tar:1)
511 creatures vanquished.

Grand Total: 6181 creatures vanquished

Notes
Turn   | Place    | Note
-------+----------+-------------------------------------------
     0 | D:1      | 1994 the Mummy Summoner began the quest for the Orb.
     0 | D:1      | Reached XP level 1. HP: 13/13 MP: 4/4
   305 | D:1      | Reached XP level 2. HP: 4/19 MP: 3/6
  2015 | D:1      | Reached XP level 3. HP: 20/24 MP: 1/7
  2020 | D:1      | Learned a level 3 spell: Call Canine Familiar
  3207 | D:3      | HP: 1/25 [hound (3)]
  3212 | D:3      | Reached skill level 1 in Fighting
  3212 | D:3      | Reached XP level 4. HP: 1/32 MP: 2/9
  3226 | D:3      | Learned a level 4 spell: Summon Lightning Spire
  3521 | D:3      | Found a transporter.
  3524 | D:3      | Noticed feelmyfire's ghost (amateur HaGl)
  3525 | D:3      | Found a transporter.
  4199 | D:4      | Noticed a phantom
  4311 | D:4      | Noticed an ogre
  4320 | D:4      | Killed an ogre
  4320 | D:4      | Reached skill level 1 in Air Magic
  4320 | D:4      | Reached XP level 5. HP: 32/37 MP: 2/11
  4416 | D:4      | Killed a phantom
  4638 | D:4      | Noticed a centaur
  4670 | D:4      | Killed a centaur
  4670 | D:4      | Reached XP level 6. HP: 32/43 MP: 4/12
  4760 | D:4      | Found a blossoming altar of Fedhas.
  4953 | D:5      | Entered Level 5 of the Dungeon
  5225 | D:5      | Reached skill level 5 in Summonings
  5419 | D:5      | Found an iron altar of Okawaru.
  5559 | D:5      | Noticed a sky beast
  5608 | D:5      | Killed a sky beast
  5777 | D:5      | Found an ancient bone altar of Kikubaaqudgha.
  5782 | D:5      | Reached XP level 7. HP: 35/48 MP: 8/14
  5790 | D:5      | Reached skill level 5 in Spellcasting
  5895 | D:5      | Became a worshipper of Kikubaaqudgha
  6427 | D:6      | Found a transporter.
  6436 | D:6      | Found a transporter.
  6797 | D:6      | Found a runed translucent door.
  6798 | D:6      | Noticed Crazy Yiuf
  6829 | D:6      | Killed Crazy Yiuf
  7397 | D:3      | Killed feelmyfire's ghost
  7583 | D:7      | Reached XP level 8. HP: 54/54 MP: 11/16
  7588 | D:7      | Learned a level 2 spell: Blink
  7641 | D:7      | Noticed Joseph
  7797 | D:7      | Noticed a hippogriff
  7834 | D:6      | Killed a hippogriff
  8124 | D:7      | Reached * piety under Kikubaaqudgha
  8124 | D:7      | Identified Kikubaaqudgha's Reference Book on Dark Rituals
                  | (Kikubaaqudgha gifted it to you on level 7 of the Dungeon)
  8124 | D:7      | Received a gift from Kikubaaqudgha
  8144 | D:7      | Learned a level 1 spell: Pain
  8148 | D:7      | Learned a level 3 spell: Vampiric Draining
  8191 | D:7      | Found a staircase to the Ecumenical Temple.
  8211 | Temple   | Entered the Ecumenical Temple
  8373 | D:7      | Killed Joseph
  8373 | D:7      | Reached skill level 1 in Necromancy
  9313 | D:7      | Reached skill level 5 in Air Magic
  9452 | D:7      | Noticed Duvessa
  9452 | D:7      | Noticed Dowan
  9469 | D:7      | Killed Duvessa
  9491 | D:7      | Killed Dowan
  9674 | D:7      | Identified a scroll of acquirement
  9897 | D:8      | Noticed a hippogriff
  9904 | D:8      | Killed a hippogriff
  9904 | D:8      | Reached XP level 9. HP: 39/63 MP: 5/19
 10031 | D:8      | Found a shadowy altar of Dithmenos.
 10184 | D:8      | Reached ** piety under Kikubaaqudgha
 10593 | D:8      | Found a shattered altar of Ashenzari.
 10593 | D:8      | Found a hide-covered altar of Uskayaw.
 10882 | D:9      | Found an iron altar of Okawaru.
 10904 | D:9      | Found a flagged portal.
 11132 | D:9      | Found a shimmering altar of Xom.
 11201 | D:9      | Found a shimmering altar of Xom.
 11201 | D:9      | Found a shimmering altar of Xom.
 11201 | D:9      | Found a shimmering altar of Xom.
 11202 | D:9      | Found a shimmering altar of Xom.
 11202 | D:9      | Found a shimmering altar of Xom.
 11377 | D:9      | Found a staircase to the Lair.
 12167 | D:10     | Entered Level 10 of the Dungeon
 12216 | D:10     | Noticed a purple ugly thing
 12216 | D:10     | Noticed a cyclops
 12236 | D:10     | Killed a purple ugly thing
 12236 | D:10     | Reached skill level 5 in Necromancy
 12268 | D:10     | Killed a cyclops
 12687 | D:10     | Reached *** piety under Kikubaaqudgha
 12687 | D:10     | Identified Kikubaaqudgha's Disquisition on Stolen Souls
                  | (Kikubaaqudgha gifted it to you on level 10 of the Dungeon)
 12687 | D:10     | Received a gift from Kikubaaqudgha
 12695 | D:10     | Learned a level 5 spell: Borgnjor's Vile Clutch
 13473 | D:11     | Noticed an orc knight
 13877 | D:11     | Killed an orc knight
 13877 | D:11     | Reached XP level 10. HP: 67/73 MP: 13/22
 14234 | D:11     | Reached **** piety under Kikubaaqudgha
 14318 | D:11     | Reached skill level 5 in Fighting
 14331 | D:11     | Reached skill level 1 in Earth Magic
 14663 | D:11     | Found a roughly hewn altar of Beogh.
 14663 | D:11     | Found a staircase to the Orcish Mines.
 14715 | D:11     | Noticed a brown ugly thing
 14728 | D:11     | Killed a brown ugly thing
 15041 | Lair:1   | Entered Level 1 of the Lair of Beasts
 15041 | Lair:1   | Noticed a spiny frog
 15051 | D:9      | Killed a spiny frog
 15129 | Lair:1   | Noticed a six-headed hydra
 15394 | Lair:1   | Noticed a six-headed hydra
 15632 | Lair:1   | Killed a six-headed hydra
 15987 | Lair:1   | Noticed a black mamba
 15990 | Lair:1   | Killed a black mamba
 16015 | Lair:1   | Killed a six-headed hydra
 16015 | Lair:1   | Reached XP level 11. HP: 79/81 MP: 7/24
 17661 | Lair:2   | Noticed a catoblepas
 17673 | Lair:2   | Killed a catoblepas
 17673 | Lair:2   | Reached skill level 5 in Earth Magic
 18315 | Lair:2   | Reached skill level 10 in Spellcasting
 18751 | Lair:3   | Reached skill level 1 in Translocations
 19834 | Lair:3   | Reached ***** piety under Kikubaaqudgha
 20202 | Lair:3   | Noticed a four-headed hydra
 20344 | Lair:3   | Noticed a five-headed hydra
 20349 | Lair:3   | Killed a four-headed hydra
 20349 | Lair:3   | Reached XP level 12. HP: 91/91 MP: 12/26
 20355 | Lair:3   | Killed a five-headed hydra
 20581 | Lair:3   | Found a staircase to the Swamp.
 20587 | Lair:3   | HP: 2/91 [swamp worm (15)]
 20952 | Lair:3   | Got a slimy brass ring
 20953 | Lair:3   | Identified the ring "Sehurayz" {rElec MR+} (You found it on
                  | level 3 of the Lair of Beasts)
 21172 | Lair:4   | Found a staircase to the Snake Pit.
 21836 | Lair:4   | Identified the +5 long sword of Welfare {holy, rElec rC+
                  | Str+3 Int-5} (You found it on level 4 of the Lair of
                  | Beasts)
 22313 | Lair:4   | Learned a level 5 spell: Dispel Undead
 22596 | Lair:5   | Reached skill level 1 in Shields
 23697 | Lair:5   | Reached skill level 5 in Shields
 24196 | Lair:5   | Reached ****** piety under Kikubaaqudgha
 24197 | Lair:5   | Received a gift from Kikubaaqudgha
 24207 | Lair:5   | Learned a level 7 spell: Haunt
 24450 | Temple   | Fell from the grace of Kikubaaqudgha
 24450 | Temple   | Became a worshipper of Gozag Ym Sagoz the Greedy
 24787 | Lair:6   | Entered Level 6 of the Lair of Beasts
 24799 | Lair:6   | Noticed a six-headed hydra
 24938 | Lair:6   | Killed a six-headed hydra
 25550 | Lair:6   | Gained mutation: You are in touch with the powers of death.
                  | [Mummy growth]
 25550 | Lair:6   | Reached XP level 13. HP: 69/96 MP: 18/28
 25825 | Lair:5   | Noticed a reaper
 28490 | Lair:6   | Noticed Josephine
 28647 | Lair:6   | Noticed a reaper
 28652 | Lair:6   | HP: 3/96 [reaper/+5 scythe of slicing[the malice of
                  | Kikubaaqudgha] (7)]
 29142 | Lair:6   | Killed Josephine
 29299 | Lair:6   | Noticed a reaper
 29631 | Lair:6   | Reached skill level 10 in Shields
 30324 | Lair:6   | Found a runed translucent door.
 30324 | Lair:6   | Noticed a fire dragon
 30773 | Lair:6   | Found a runed translucent door.
 30773 | Lair:6   | Found a viscous altar of Jiyva.
 30775 | Lair:6   | Noticed an acid blob
 30777 | Lair:6   | Found a staircase to the Slime Pits.
 30778 | Lair:6   | Noticed an acid blob
 32097 | Lair:6   | Killed a fire dragon
 32248 | Lair:5   | Noticed a reaper
 33042 | D:12     | Found a portal to a secret trove of treasure.
 33411 | D:12     | Reached XP level 14. HP: 88/103 MP: 12/29
 33427 | D:12     | Got a bound bone ring
 33428 | D:12     | Identified the ring of Matephut {+Blink +Fly rElec Str-3}
                  | (You found it on level 12 of the Dungeon)
 33656 | D:12     | Got an ichor-stained helmet
 33657 | D:12     | Identified the +1 helmet of Lethargy {rN+} (You acquired it
                  | on level 12 of the Dungeon)
 34006 | Orc:1    | Entered Level 1 of the Orcish Mines
 34413 | Orc:1    | Noticed an orc warlord
 34742 | D:11     | Killed an orc warlord
 35090 | Orc:2    | Entered Level 2 of the Orcish Mines
 35093 | Orc:2    | Noticed Snorg
 35104 | Orc:2    | Killed Snorg
 36132 | Orc:2    | Noticed a reaper
 37029 | Orc:2    | Found a roughly hewn altar of Beogh.
 37898 | Orc:2    | Found a staircase to the Elven Halls.
 38493 | Orc:2    | Noticed an orc warlord
 38507 | Orc:2    | Was forgiven by Kikubaaqudgha
 38534 | Orc:2    | Killed an orc warlord
 38851 | Orc:2    | Found a roughly hewn altar of Beogh.
 38973 | Orc:2    | Found Kaanonn's Magic Scroll Shop.
 39105 | Orc:2    | Found Kientuaf's Weapon Emporium.
 39854 | Orc:2    | Found Puenej's Antique Weapon Boutique.
 39983 | Orc:2    | Found Duorot's Book Shop.
 40520 | Orc:1    | Noticed Erica
 40631 | Orc:1    | Killed Erica
 40850 | D:12     | Bought the amulet "Jud Esil" {Reflect Str+3 Int+2 SH+3
                  | SInv} for 448 gold pieces
 42040 | D:13     | You fall into a shaft and drop 1 floor!
 42156 | D:14     | Found Coecuapa's Elemental Accessories.
 42581 | D:13     | Reached XP level 15. HP: 93/108 MP: 9/30
 43616 | D:12     | Bought a +0 pair of gloves of dexterity for 184 gold pieces
 43802 | D:14     | Found a gate to the Vaults.
 44145 | D:15     | Entered Level 15 of the Dungeon
 44162 | D:15     | Reached skill level 15 in Shields
 44304 | D:15     | Learned a level 5 spell: Bolt of Draining
 44807 | D:15     | Reached skill level 1 in Conjurations
 45052 | D:15     | Found a staircase to the Depths.
 45052 | D:15     | Noticed a fire giant
 45089 | D:15     | Killed a fire giant
 46745 | Lair:6   | Found a viscous altar of Jiyva.
 46745 | Lair:6   | Found a staircase to the Slime Pits.
 46837 | Lair:6   | Killed an acid blob
 46968 | Lair:6   | Killed an acid blob
 47249 | Orc:2    | Bought a scroll of teleportation for 42 gold pieces
 47249 | Orc:2    | Bought a scroll of teleportation for 42 gold pieces
 47306 | Elf:1    | Entered Level 1 of the Elven Halls
 47461 | Elf:1    | Noticed a deep elf sorcerer
 47745 | Elf:1    | Killed a deep elf sorcerer
 48080 | Elf:1    | Reached skill level 10 in Necromancy
 48851 | Elf:1    | Learned a level 1 spell: Apportation
 48853 | Elf:1    | Learned a level 1 spell: Summon Butterflies
 49239 | Elf:1    | Reached XP level 16. HP: 93/116 MP: 13/32
 50785 | Elf:2    | Identified the +3 hand crossbow of Disharmony {venom, MP+9
                  | Int+3} (You found it on level 2 of the Elven Halls)
 50843 | Elf:2    | Found Momygg's Magic Scroll Emporium.
 50852 | Elf:2    | Bought a scroll of blinking for 105 gold pieces
 50852 | Elf:2    | Bought a scroll of fear for 49 gold pieces
 50852 | Elf:2    | Bought a scroll of teleportation for 42 gold pieces
 50871 | Elf:2    | Reached skill level 5 in Conjurations
 51293 | Elf:2    | Found a runed translucent gate.
 51301 | Elf:2    | Found a runed translucent gate.
 51302 | Elf:2    | Found a runed translucent gate.
 51328 | Elf:2    | Identified the +1 robe of Foicweur {+Blink rN+ Int+2}
 52004 | Elf:3    | Entered Level 3 of the Elven Halls
 52010 | Elf:3    | Reached skill level 10 in Summonings
 52326 | Elf:3    | Found Div Epla's Magic Scroll Shop.
 52333 | Elf:3    | Bought 2 scrolls of fog for 56 gold pieces
 52333 | Elf:3    | Bought a scroll of teleportation for 42 gold pieces
 52333 | Elf:3    | Bought a scroll of fog for 28 gold pieces
 52333 | Elf:3    | Bought a scroll of noise for 14 gold pieces
 52342 | Elf:3    | Bought 3 scrolls of identify for 84 gold pieces
 52361 | Elf:3    | Found an ancient bone altar of Kikubaaqudgha.
 53848 | Elf:3    | Reached XP level 17. HP: 118/125 MP: 27/34
 54474 | Elf:3    | Found an ancient bone altar of Kikubaaqudgha.
 54510 | Elf:3    | Found Div Epla's Magic Scroll Shop.
 54920 | Elf:3    | Found an ancient bone altar of Kikubaaqudgha.
 54956 | Elf:3    | Found Div Epla's Magic Scroll Shop.
 55306 | Elf:3    | Identified the +2 mace "Foririt" {crush, rN+ MR+ Int-2
                  | Dex+2}
 56202 | Elf:3    | Noticed a deep elf blademaster
 56209 | Elf:3    | Killed a deep elf blademaster
 56472 | Elf:3    | Identified the +5 spear of Ymotifo {flame, Fragile rN+
                  | Int+4}
 56602 | Elf:3    | Identified the cursed +0 ring mail of Pride {rElec MR+
                  | Dex+4} (You found it on level 3 of the Elven Halls)
 56635 | Elf:3    | Got a pair of scorched boots
 56636 | Elf:3    | Identified the +0 pair of boots "Rinabry" {+Inv rElec rF++
                  | Regen+ Str-3} (You found it on level 3 of the Elven Halls)
 57033 | Elf:3    | Found an ancient bone altar of Kikubaaqudgha.
 57069 | Elf:3    | Found Div Epla's Magic Scroll Shop.
 57404 | Elf:3    | Found an ancient bone altar of Kikubaaqudgha.
 57440 | Elf:3    | Found Div Epla's Magic Scroll Shop.
 58363 | Snake:1  | Entered Level 1 of the Snake Pit
 59053 | Snake:1  | Found Fuzuxile's Food Boutique.
 59420 | Snake:1  | Reached skill level 10 in Fighting
 59998 | Snake:2  | Identified the cursed +0 leather armour "Cemaw" {Int+4}
                  | (You found it on level 2 of the Snake Pit)
 61084 | Snake:2  | Identified the +6 hand axe "Gemime" {protect, +Inv rF-
                  | Str+3} (You found it on level 2 of the Snake Pit)
 61811 | Snake:3  | Found Bam Kuwi's Gadget Shop.
 61819 | Snake:3  | Bought a phantom mirror for 330 gold pieces
 62252 | Snake:3  | Reached XP level 18. HP: 106/136 MP: 29/36
 62879 | Snake:3  | Got a flickering tin ring
 62880 | Snake:3  | Identified the ring "Nyqeklap" {+Fly rN+ MR+ Int+4 SInv}
                  | (You found it on level 3 of the Snake Pit)
 63109 | Snake:4  | Entered Level 4 of the Snake Pit
 63109 | Snake:4  | Found a glowing golden altar of the Shining One.
 65467 | Snake:4  | Got a serpentine rune of Zot
 65534 | Snake:4  | Found a glowing golden altar of the Shining One.
 65817 | Snake:4  | Found a glowing golden altar of the Shining One.
 66440 | Orc:2    | Bought a book of Summonings for 1050 gold pieces
 66467 | Orc:1    | Learned a level 5 spell: Aura of Abjuration
 66673 | Swamp:1  | Entered Level 1 of the Swamp
 66902 | Swamp:1  | Identified the cursed +1 robe "Baileuv" {Regen+ Slay+3}
 66932 | Swamp:1  | Upgraded the game from 0.24-a0-582-g4d4af813a0 to
                  | 0.24-a0-583-g87330a484a
 68874 | Swamp:2  | Reached skill level 15 in Spellcasting
 69105 | Swamp:2  | Identified the +6 hunting sling "Defres" {freeze, rElec
                  | Int+7 Stlth+} (You found it on level 2 of the Swamp)
 69991 | Swamp:3  | Found a burning altar of Makhleb.
 70008 | Swamp:3  | Noticed Roxanne
 70016 | Swamp:3  | Killed Roxanne
 70867 | Swamp:4  | Entered Level 4 of the Swamp
 71177 | Swamp:3  | Reached XP level 19. HP: 129/144 MP: 27/38
 73043 | Swamp:4  | Got a decaying rune of Zot
 73844 | D:14     | Bought a steaming shield for 256 gold pieces
 73844 | D:14     | Identified the +0 shield "Sahuf" {Dex+4} (You bought it in
                  | a shop on level 14 of the Dungeon)
 73859 | D:14     | Bought a slimy large shield for 256 gold pieces
 73859 | D:14     | Identified the +9 large shield "Fobeschei" {-Cast rN++ MR-
                  | Int+10} (You bought it in a shop on level 14 of the
                  | Dungeon)
 73863 | D:14     | Bought a pair of runed gloves for 202 gold pieces
 73881 | D:14     | Bought a pair of glowing gloves for 202 gold pieces
 73901 | D:14     | Bought a +1 pair of gloves of strength for 297 gold pieces
 74373 | Vaults:1 | Entered Level 1 of the Vaults
 74515 | Vaults:1 | Reached skill level 15 in Necromancy
 74534 | Vaults:1 | Noticed Nikola
 74541 | Vaults:1 | Killed Nikola
 74817 | Vaults:1 | Reached skill level 1 in Evocations
 74932 | Vaults:1 | Reached skill level 5 in Dodging
 76442 | Vaults:1 | Found Ahenow's Assorted Antiques.
 77513 | Vaults:2 | Noticed a Tzitzimitl
 77984 | Vaults:2 | Learned a level 7 spell: Malign Gateway
 78345 | Vaults:2 | Found a staircase to the Crypt.
 78345 | Vaults:2 | Found a basalt altar of Yredelemnul.
 78346 | Vaults:2 | Found an ancient bone altar of Kikubaaqudgha.
 78424 | Vaults:2 | Reached XP level 20. HP: 154/154 MP: 20/40
 79270 | Vaults:3 | Found Cotemyli's Antique Weapon Shop.
 79276 | Vaults:3 | Bought a shimmering dagger for 294 gold pieces
 79276 | Vaults:3 | Identified the +9 dagger of Quulidor {vamp, *Slow rF+ MR+
                  | Int+4} (You bought it in a shop on level 3 of the Vaults)
 79795 | Vaults:3 | Found Guad's Magic Scroll Boutique.
 79855 | Vaults:3 | Bought a scroll of teleportation for 60 gold pieces
 79855 | Vaults:3 | Bought a scroll of fog for 40 gold pieces
 79855 | Vaults:3 | Bought a scroll of blinking for 150 gold pieces
 79855 | Vaults:3 | Bought a scroll of teleportation for 60 gold pieces
 79855 | Vaults:3 | Bought a scroll of fear for 70 gold pieces
 81024 | Vaults:3 | Reached skill level 1 in Long Blades
 81076 | Vaults:4 | Reached skill level 5 in Translocations
 82659 | Vaults:4 | Reached skill level 5 in Evocations
 83268 | Crypt:1  | Entered Level 1 of the Crypt
 83270 | Crypt:1  | Reached XP level 21. HP: 162/162 MP: 30/41
 83740 | Crypt:1  | Noticed Saint Roka
 83764 | Crypt:1  | Killed Saint Roka
 83917 | Crypt:1  | Reached skill level 5 in Long Blades
 85324 | Crypt:2  | Found a basalt altar of Yredelemnul.
 85750 | Crypt:2  | Learned a level 6 spell: Deflect Missiles
 86141 | Crypt:3  | Entered Level 3 of the Crypt
 86201 | Crypt:3  | Noticed Mara
 86234 | Crypt:3  | Killed Mara
 86234 | Crypt:3  | Reached skill level 1 in Charms
 86710 | Crypt:3  | Found a basalt altar of Yredelemnul.
 87177 | Crypt:3  | Identified the ring of Xijuehol {MR+ MP+9 Dex+4}
 87877 | Crypt:3  | Noticed a profane servitor
 87885 | Crypt:3  | Killed a profane servitor
 87905 | Crypt:3  | Reached XP level 22. HP: 122/171 MP: 5/43
 87927 | Crypt:3  | Identified Liodghani's Catalogue of Necromancy
 88261 | Crypt:3  | Found a staircase to the Tomb.
 88261 | Crypt:3  | Noticed an ancient lich
 88270 | Crypt:3  | Killed an ancient lich
 88696 | Depths:1 | Entered Level 1 of the Depths
 88910 | Depths:1 | Found a gateway to Hell.
 89261 | Depths:1 | Found Ryppaymi's Antique Armour Emporium.
 89320 | Depths:1 | Reached skill level 5 in Charms
 90572 | Depths:2 | Found a one-way gate to the infinite horrors of the Abyss.
 90593 | Depths:2 | Reached skill level 10 in Translocations
 91856 | Depths:3 | Found Voud's General Store.
 92024 | Depths:3 | Identified the +2 spear of Propriety {protect, rN+} (You
                  | found it on level 3 of the Depths)
 92555 | Depths:3 | Found a one-way gate leading to the halls of Pandemonium.
 92702 | Depths:3 | Reached XP level 23. HP: 170/179 MP: 30/45
 92754 | Depths:3 | Reached skill level 10 in Long Blades
 93409 | Depths:3 | Noticed a juggernaut
 93431 | Depths:3 | Killed a juggernaut
 94127 | Depths:3 | Found Voud's General Store.
 94223 | Depths:3 | Found a one-way gate leading to the halls of Pandemonium.
 94471 | Depths:4 | Found Alopnimi's Gadget Boutique.
 94471 | Depths:4 | Found Comeag's Jewellery Emporium.
 94472 | Depths:4 | Found Xufagg's Jewellery Emporium.
 94479 | Depths:4 | Bought a wand of digging (2) for 288 gold pieces
 94481 | Depths:4 | Bought a +1 ring of slaying for 96 gold pieces
 94721 | Depths:4 | Found a corrupted altar of Lugonu.
 94797 | Depths:3 | Reached skill level 15 in Fighting
 95676 | Depths:4 | Found Pibits's Magic Scroll Shop.
 95683 | Depths:4 | Bought a scroll of teleportation for 39 gold pieces
 95683 | Depths:4 | Bought a scroll of teleportation for 39 gold pieces
 96030 | Depths:4 | Found a gateway to a ziggurat.
 96344 | Depths:4 | You fall into a shaft and drop 1 floor!
 96344 | Depths:5 | Entered Level 5 of the Depths
 96624 | Depths:5 | Found Ucapsum's Assorted Antiques.
 96624 | Depths:5 | Found Xocu's Antique Weapon Shoppe.
 96625 | Depths:5 | Found Saixtile's Distillery.
 96627 | Depths:5 | Found Vesuv's Jewellery Shoppe.
 96630 | Depths:5 | Found a flickering gateway to a bazaar.
 96642 | Bazaar   | Entered a bazaar
 96642 | Bazaar   | Found Zaustui's General Store.
 96642 | Bazaar   | Found Sastaego's Jewellery Shoppe.
 96828 | Bazaar   | Found Iruekkug's Antique Weapon Emporium.
 96828 | Bazaar   | Found Veme's Magic Scroll Emporium.
 96836 | Bazaar   | Bought a scorched short sword for 296 gold pieces
 96837 | Bazaar   | Identified the +5 short sword "Oxeac" {protect, *Noise rC+
                  | Int+5} (You bought it in a shop in a bazaar)
 96845 | Bazaar   | Bought a scroll of fear for 31 gold pieces
 96845 | Bazaar   | Bought a scroll of magic mapping for 31 gold pieces
 96845 | Bazaar   | Bought a scroll of teleportation for 27 gold pieces
 96848 | Bazaar   | Found Esenaix's Antique Armour Boutique.
 96867 | Bazaar   | Bought the ring of Robustness {AC+8} for 1408 gold pieces
 96867 | Bazaar   | Found the ring of Robustness {AC+8}
 96875 | Bazaar   | Bought a wand of digging (5) for 324 gold pieces
 96915 | Bazaar   | Bought a crystal morningstar for 333 gold pieces
 96915 | Bazaar   | Identified the +5 morningstar "Impbane" {flame, +Inv Str+4}
                  | (You bought it in a shop in a bazaar)
 97808 | Depths:5 | Found a gate to the Realm of Zot.
 97849 | Depths:5 | Reached XP level 24. HP: 189/189 MP: 37/46
 97864 | Depths:5 | Bought a cursed -2 ring of protection for 44 gold pieces
 97870 | Depths:5 | Bought a scroll of blinking for 292 gold pieces
 97870 | Depths:5 | Bought a hardcover book for 585 gold pieces
 97976 | Depths:5 | Bought a slimy scimitar for 477 gold pieces
 97976 | Depths:5 | Identified the +8 scimitar of Aczy {freeze, rF+ Int+4
                  | Stlth+} (You bought it in a shop on level 5 of the Depths)
 98566 | Depths:5 | Bought a book of the Warp for 1170 gold pieces
 98581 | Depths:5 | Learned a level 8 spell: Controlled Blink
 99132 | Depths:2 | Found an ancient bone altar of Kikubaaqudgha.
 99513 | Depths:2 | Found The Legendary Roox's Legendary Smithy.
 99535 | Depths:2 | Found Lukihasa's Slaves and Accessories.
 99805 | Depths:2 | Found Jack's Jerk-a-riffic Jerky.
 99895 | Depths:2 | Found Fiubboph's Miraculous Elixirs.
100134 | Depths:2 | Found a bloodstained altar of Trog.
100181 | Depths:2 | Found a radiant altar of Vehumet.
100320 | Hell     | Entered the Vestibule of Hell
100320 | Hell     | Noticed Geryon
100320 | Hell     | Found a gateway to the decaying netherworld of Tartarus.
100506 | Hell     | Reached skill level 1 in Armour
100985 | Depths:5 | Bought the +5 scale mail of Ytaedgh {rC++ Int+6} for 991
                  | gold pieces
101012 | Depths:5 | Bought a +2 cloak of magic resistance for 430 gold pieces
102283 | Slime:1  | Entered Level 1 of the Pits of Slime
105721 | Slime:5  | Entered Level 5 of the Pits of Slime
106353 | Slime:5  | Found a viscous altar of Jiyva.
106389 | Slime:5  | Noticed the Royal Jelly
106413 | Slime:5  | Killed the Royal Jelly
106413 | Slime:5  | Reached XP level 25. HP: 153/199 MP: 5/47
106815 | Slime:5  | Identified the cursed +1 war axe of Calculation {protect,
                  | rElec MR+ Str+4 Dex-3} (You found it on level 5 of the Pits
                  | of Slime)
106843 | Slime:5  | Identified the Tome of the Forest
106852 | Slime:5  | Identified the +0 pair of gloves of Muttered Phrases {rElec
                  | rPois MR- Int+3} (You found it on level 5 of the Pits of
                  | Slime)
106859 | Slime:5  | Identified the Volume of Creative Ignition
106884 | Slime:5  | Got a slimy rune of Zot
107883 | Hell     | Killed Geryon
108151 | Hell     | Found a gateway to the Iron City of Dis.
108288 | Hell     | Found a gateway to the freezing wastes of Cocytus.
108668 | Hell     | Found a gateway to the ashen valley of Gehenna.
108916 | Depths:2 | Voluntarily entered the Abyss.
109018 | Abyss:1  | Reached skill level 5 in Armour
109067 | Abyss:1  | Found a basalt altar of Yredelemnul.
109208 | Abyss:1  | Found a basalt altar of Yredelemnul.
109609 | Abyss:1  | Noticed an ancient lich
109617 | Abyss:1  | Killed an ancient lich
110738 | Abyss:3  | Found a corrupted altar of Lugonu.
110888 | Abyss:3  | Found a corrupted altar of Lugonu.
110961 | Abyss:3  | Reached skill level 15 in Translocations
111187 | Abyss:3  | Paralysed by accursed screaming for 1 turns
111241 | Abyss:3  | Paralysed by accursed screaming for 1 turns
111642 | Abyss:3  | Noticed an ancient lich
111653 | Abyss:3  | Killed an ancient lich
111653 | Abyss:3  | Gained mutation: You are strongly in touch with the powers
                  | of death. [Mummy growth]
111653 | Abyss:3  | Reached XP level 26. HP: 133/209 MP: 27/48
111674 | Abyss:3  | Paralysed by you for 7 turns
112855 | Abyss:3  | Identified the cursed +0 scale mail "Beghuzin" {Str+4} (You
                  | found it on level 3 of the Abyss)
112950 | Abyss:3  | Got an abyssal rune of Zot
112974 | Abyss:4  | Identified the +10 trident "Goyna" {flame, +Fly Int+7} (You
                  | found it on level 4 of the Abyss)
113715 | Depths:2 | Escaped the Abyss
113829 | Depths:5 | Learned a level 8 spell: Summon Horrible Things
113830 | Zot:1    | Entered Level 1 of the Realm of Zot
114413 | Zot:1    | Reached XP level 27. HP: 77/219 MP: 16/49
115453 | Depths:5 | Bought an ichor-stained helmet for 418 gold pieces
115453 | Depths:5 | Identified the +1 helmet of Cheibriados's Fury {Int+3} (You
                  | bought it in a shop on level 5 of the Depths)
115801 | Lair:3   | Got an ancient brass amulet
115802 | Lair:3   | Identified the amulet of Itsefut {Acrobat +Inv rElec} (You
                  | acquired it on level 3 of the Lair of Beasts)
116036 | Orc:2    | Bought a scroll of acquirement for 728 gold pieces
116134 | Elf:2    | Bought a scroll of acquirement for 728 gold pieces
116136 | Elf:2    | Got a slimy ruby amulet
116137 | Elf:2    | Identified the amulet "Ronarghezon" {Acrobat rElec Int+3}
                  | (You acquired it on level 2 of the Elven Halls)
116416 | Vaults:5 | Entered Level 5 of the Vaults
116710 | Vaults:5 | Noticed an ancient lich
116726 | Vaults:5 | Killed an ancient lich
117040 | Vaults:5 | Reached skill level 15 in Summonings
117244 | Vaults:5 | Found Miwob's Book Emporium.
117335 | Vaults:5 | Found the +7 sceptre of Torment {pain, torment}
117812 | Vaults:5 | Noticed an ancient lich
117817 | Vaults:5 | Killed an ancient lich
118004 | Vaults:5 | Identified the +3 hunting sling of Estryoh {venom, rC+}
                  | (You found it on level 5 of the Vaults)
118057 | Vaults:5 | Got a silver rune of Zot
118741 | Vaults:5 | Found Werekh's Armour Boutique.
119060 | Coc:1    | Entered Level 1 of Cocytus
120268 | Coc:6    | Upgraded the game from 0.24-a0-583-g87330a484a to
                  | 0.24-a0-584-g9d6b971ae4
120545 | Coc:7    | Entered Level 7 of Cocytus
120995 | Coc:7    | Noticed Antaeus
121070 | Coc:7    | Killed Antaeus
121175 | Coc:7    | Got an icy rune of Zot
121866 | D:12     | Bought the amulet of Pays {Acrobat rF+ MR- Str-3 Int+9} for
                  | 733 gold pieces
122176 | Geh:1    | Entered Level 1 of Gehenna
123422 | Geh:7    | Entered Level 7 of Gehenna
124204 | Geh:7    | Learned a level 8 spell: Infestation
124402 | Geh:7    | Identified the +7 storm dragon scales of Yrig {rElec rN++
                  | Str+3 Int-4}
124955 | Geh:7    | Identified the +7 sceptre of Asmodeus
124955 | Geh:7    | Noticed Asmodeus
124980 | Geh:7    | Killed Asmodeus
125059 | Geh:7    | Identified the Volume of Talismans and Confrontation
125062 | Geh:7    | Got an obsidian rune of Zot
125439 | D:12     | Bought a +1 ring of evasion for 45 gold pieces
125446 | D:12     | Bought the ring "Umykoeqe" {rF+ Str+5} for 637 gold pieces
125596 | Tar:1    | Entered Level 1 of Tartarus
126155 | Tar:5    | Found a huge runed gate.
126171 | Tar:5    | Found a huge runed gate.
126173 | Tar:5    | Found a huge runed gate.
126174 | Tar:5    | Found a huge runed gate.
126245 | Tar:5    | Found a huge runed gate.
126400 | Tar:7    | Entered Level 7 of Tartarus
126558 | Tar:7    | Got a pitted flail
126560 | Tar:7    | Identified the +2 flail "Xaemolock" {elec, +Rage rPois
                  | Int-5 Dex+6} (You found it on level 7 of Tartarus)
126600 | Tar:7    | Noticed an ancient lich
126607 | Tar:7    | Killed an ancient lich
126612 | Tar:7    | Found the brooch of Shielding {Reflect SH+8}
126698 | Tar:7    | Identified the Incunabulum of Weightlessness
126715 | Tar:7    | Identified the Catalogue of the Blaze and the Rocks
126754 | Tar:7    | Found the +2 ratskin cloak {+Rats rPois rN+ Str-1 Int-1
                  | Dex+1}
126760 | Tar:7    | Identified the Papyrus of the Voyage
127080 | Tar:7    | Noticed the Serpent of Hell
127095 | Tar:7    | Killed the Serpent of Hell
127170 | Tar:7    | Noticed Ereshkigal
127185 | Tar:7    | Killed Ereshkigal
127486 | Tar:7    | Identified the +8 short sword of Fee Simple {flame, +Fly}
                  | (You found it on level 7 of Tartarus)
127517 | Tar:7    | Got a bone rune of Zot
127601 | Tar:7    | Noticed an ancient lich
127608 | Tar:7    | Killed an ancient lich
127625 | Tar:7    | Identified the +2 cloak of Intercession {rF- Str+6 Dex+3}
                  | (You found it on level 7 of Tartarus)
127713 | Tar:7    | Got a wavering iron amulet
127717 | Tar:7    | Identified the amulet "Icighe" {Inacc +Fly rPois rN+ Int+4}
                  | (You found it on level 7 of Tartarus)
128022 | Depths:5 | Bought a scroll of magic mapping for 136 gold pieces
128325 | Orc:2    | Bought a scroll of magic mapping for 49 gold pieces
128416 | Elf:2    | Bought a scroll of magic mapping for 49 gold pieces
128416 | Elf:2    | Bought a scroll of enchant armour for 105 gold pieces
128683 | Dis:1    | Entered Level 1 of the Iron City of Dis
129759 | Dis:7    | Entered Level 7 of the Iron City of Dis
130871 | Dis:7    | Reached skill level 10 in Armour
132370 | Dis:7    | Identified the +4 staff of Dispater
132370 | Dis:7    | Noticed Dispater
132397 | Dis:7    | Killed Dispater
132506 | Dis:7    | Identified the +7 long sword of the Lurker {pain, rPois rN+
                  | MP-9} (You found it on level 7 of the Iron City of Dis)
132521 | Dis:7    | Found the +7 Spriggan's Knife {stab, EV+4 Stlth+}
132597 | Dis:7    | Got an iron rune of Zot
132942 | Depths:5 | Bought a book of Geomancy for 455 gold pieces
133073 | Depths:4 | Bought a scroll of amnesia for 45 gold pieces
133077 | Depths:4 | Learned a level 2 spell: Passwall
133119 | Pan      | Entered Pandemonium
133372 | Pan      | Noticed Feampew the pandemonium lord
133387 | Pan      | Killed Feampew the pandemonium lord
134083 | Pan      | Noticed Qeepikue the pandemonium lord
134091 | Pan      | Killed Qeepikue the pandemonium lord
134259 | Pan      | Reached skill level 10 in Evocations
135095 | Pan      | Noticed Leeh the pandemonium lord
135121 | Pan      | Killed Leeh the pandemonium lord
136537 | Pan      | Found an exit through the horrors of the Abyss.
137365 | Pan      | Noticed Lyofu the pandemonium lord
137385 | Pan      | Killed Lyofu the pandemonium lord
137405 | Pan      | Got a demonic rune of Zot
137609 | Pan      | Found an exit through the horrors of the Abyss.
137983 | Pan      | Found a glowing silver altar of Zin.
138378 | Pan      | Noticed a seraph
138405 | Pan      | Killed a seraph
138707 | Pan      | Found a glowing golden altar of the Shining One.
138722 | Pan      | Identified the +5 hand crossbow "Hellblazer" {elec, rPois}
138722 | Pan      | Identified the +1 large shield "Tauqe" {rF++ Regen+}
138747 | Pan      | Got a coiled turquoise ring
138748 | Pan      | Identified the ring "Woluz" {*Tele Str+3 Int+3 Stlth+} (You
                  | found it in Pandemonium)
139256 | Pan      | Entered the realm of Lom Lobon.
139445 | Pan      | Noticed Lom Lobon
139456 | Pan      | Killed Lom Lobon
139520 | Pan      | Got a magical rune of Zot
139914 | Pan      | Found an exit through the horrors of the Abyss.
140185 | Pan      | Noticed Laax the pandemonium lord
140190 | Pan      | Killed Laax the pandemonium lord
140618 | Pan      | Entered the realm of Mnoleg.
140808 | Pan      | Noticed Mnoleg
140819 | Pan      | Killed Mnoleg
140819 | Pan      | Reached skill level 27 in Fighting
140914 | Pan      | Got a glowing rune of Zot
141612 | Pan      | Entered the realm of Cerebov.
141796 | Pan      | Identified the ring of Xom's Malicious Joy {*Tele rC+ rN+
                  | Str+3}
141853 | Pan      | Identified the +6 sword of Cerebov {flame}
141853 | Pan      | Noticed Cerebov
141934 | Pan      | Killed Cerebov
142027 | Pan      | Got a clouded platinum amulet
142028 | Pan      | Identified the amulet "Ugyiv" {Reflect MP+9 Str+2 SH+5}
                  | (You found it in Pandemonium)
142060 | Pan      | Got a fiery rune of Zot
142331 | Pan      | Identified the +5 hand axe "Rotudis" {holy, Int+2} (You
                  | found it in Pandemonium)
142582 | Pan      | Identified the +8 demon whip of the Past {drain, rElec
                  | Str+2} (You found it in Pandemonium)
142589 | Pan      | Identified the +2 hunting sling "Murmur" {freeze, MR+
                  | Dex+3} (You found it in Pandemonium)
142699 | Pan      | Reached skill level 10 in Dodging
142716 | Pan      | Entered the realm of Gloorx Vloq.
142749 | Pan      | Found an exit through the horrors of the Abyss.
144158 | Pan      | Noticed Gloorx Vloq
144172 | Pan      | Killed Gloorx Vloq
144272 | Pan      | Got a dark rune of Zot
144376 | Pan      | Found an exit through the horrors of the Abyss.
144407 | Pan      | Took an exit into the Abyss.
144407 | Abyss:1  | Escaped into the Abyss
144488 | Abyss:1  | Found a shimmering blue altar of Sif Muna.
144538 | Abyss:1  | Found a shimmering blue altar of Sif Muna.
144682 | Depths:3 | Escaped the Abyss
144971 | Tomb:1   | Entered Level 1 of the Tomb of the Ancients
144996 | Tomb:1   | Got a faintly humming shield
144997 | Tomb:1   | Identified the +0 shield of the Black Moon {+Blink} (You
                  | acquired it on level 1 of the Tomb of the Ancients)
145328 | Tomb:1   | Noticed a greater mummy
145333 | Tomb:1   | Killed a greater mummy
146789 | Tomb:2   | Noticed a greater mummy
146790 | Tomb:2   | Noticed a greater mummy
146799 | Tomb:2   | Noticed an ancient lich
146802 | Tomb:2   | Noticed a greater mummy
146802 | Tomb:2   | Killed a greater mummy
146854 | Tomb:2   | Killed a greater mummy
146857 | Tomb:2   | Killed a greater mummy
146859 | Tomb:2   | Killed an ancient lich
147270 | Tomb:2   | Reached skill level 27 in Spellcasting
147594 | Tomb:1   | Noticed a greater mummy
147596 | Tomb:1   | Noticed a greater mummy
147596 | Tomb:1   | Noticed a greater mummy
147596 | Tomb:1   | Noticed a greater mummy
147596 | Tomb:1   | Noticed a greater mummy
147596 | Tomb:1   | Noticed a greater mummy
147598 | Tomb:1   | Noticed a greater mummy
147599 | Tomb:1   | Noticed a greater mummy
147601 | Tomb:1   | Noticed a greater mummy
147615 | Tomb:1   | Killed a greater mummy
147619 | Tomb:1   | Noticed a greater mummy
147632 | Tomb:2   | Killed a greater mummy
148210 | Depths:5 | Bought the amulet of Vitality {Regen+ HP+15} for 1264 gold
                  | pieces
148210 | Depths:5 | Found the amulet of Vitality {Regen+ HP+15}
148690 | Tomb:1   | Noticed a greater mummy
148690 | Tomb:1   | Noticed a greater mummy
148690 | Tomb:1   | Noticed a greater mummy
148701 | Tomb:1   | Killed a greater mummy
148704 | Tomb:1   | Killed a greater mummy
148704 | Tomb:1   | Killed a greater mummy
148704 | Tomb:1   | Reached skill level 15 in Armour
148705 | Tomb:1   | Killed a greater mummy
148707 | Tomb:1   | Killed a greater mummy
148710 | Tomb:1   | Killed a greater mummy
148713 | Tomb:1   | Killed a greater mummy
148716 | Tomb:1   | Killed a greater mummy
148716 | Tomb:1   | Killed a greater mummy
148716 | Tomb:1   | Reached skill level 15 in Evocations
148719 | Tomb:1   | Killed a greater mummy
148719 | Tomb:1   | Killed a greater mummy
148751 | Tomb:1   | Noticed a greater mummy
148757 | Tomb:1   | Killed a greater mummy
148824 | Tomb:1   | Noticed a greater mummy
148831 | Tomb:1   | Killed a greater mummy
148839 | Tomb:1   | Noticed a greater mummy
148841 | Tomb:1   | Noticed a greater mummy
148849 | Tomb:1   | Killed a greater mummy
148853 | Tomb:1   | Killed a greater mummy
148875 | Tomb:1   | Noticed a greater mummy
148884 | Tomb:1   | Killed a greater mummy
148896 | Tomb:1   | Noticed a greater mummy
148906 | Tomb:1   | Killed a greater mummy
148985 | Tomb:1   | Noticed a greater mummy
148986 | Tomb:1   | Noticed a greater mummy
148987 | Tomb:1   | Noticed a greater mummy
148987 | Tomb:1   | Noticed a greater mummy
148999 | Tomb:1   | Killed a greater mummy
149010 | Tomb:1   | Killed a greater mummy
149022 | Tomb:1   | Killed a greater mummy
149037 | Tomb:1   | Killed a greater mummy
149632 | Tomb:3   | Entered Level 3 of the Tomb of the Ancients
149643 | Tomb:3   | Noticed a greater mummy
149643 | Tomb:3   | Noticed a greater mummy
149665 | Tomb:3   | Noticed a greater mummy
149677 | Tomb:3   | Noticed a greater mummy
149680 | Tomb:3   | Noticed a greater mummy
149692 | Tomb:3   | Noticed a greater mummy
149692 | Tomb:3   | Noticed Khufu
149700 | Tomb:3   | Noticed a greater mummy
149700 | Tomb:3   | Noticed a greater mummy
149897 | Tomb:3   | Killed a greater mummy
149941 | Tomb:2   | Killed a greater mummy
149946 | Tomb:2   | Killed a greater mummy
150043 | Tomb:3   | Killed a greater mummy
150048 | Tomb:3   | Killed a greater mummy
150199 | Tomb:2   | Killed a greater mummy
150279 | Tomb:3   | Killed Khufu
150289 | Tomb:3   | Killed a greater mummy
150669 | Tomb:3   | Identified the +1 scale mail of Ymeig {Str+4} (You found it
                  | on level 3 of the Tomb of the Ancients)
150671 | Tomb:3   | Identified Yrugru Leso's Catalogue of Fire and Flight
150673 | Tomb:3   | Identified the Incunabulum of the Volcanoes and the
                  | Snowflakes
150706 | Tomb:3   | Got a serpentine tin amulet
150708 | Tomb:3   | Identified the amulet of Ihalac {rC+ Regen+} (You found it
                  | on level 3 of the Tomb of the Ancients)
150724 | Tomb:3   | Got a scintillating amber ring
150726 | Tomb:3   | Identified the ring of the Middle {+Fly MR+ Int+2} (You
                  | found it on level 3 of the Tomb of the Ancients)
150727 | Tomb:3   | Identified Viarch's Compendium of Spatial Clay
150730 | Tomb:3   | Got a twitching bone ring
150732 | Tomb:3   | Identified the ring of Kitietya {rF+ EV+5} (You found it on
                  | level 3 of the Tomb of the Ancients)
150799 | Tomb:3   | Got a pitted turquoise ring
150801 | Tomb:3   | Identified the ring "Xuli" {*Tele rC+ Str+2 Int+4} (You
                  | found it on level 3 of the Tomb of the Ancients)
150806 | Tomb:3   | Identified the +5 hunting sling of the Tired Beggars
                  | {speed, MP+9} (You found it on level 3 of the Tomb of the
                  | Ancients)
150924 | Tomb:3   | Killed a greater mummy
150980 | Tomb:3   | Got a golden rune of Zot
151545 | Zot:2    | Reached skill level 15 in Dodging
153930 | Zot:4    | Noticed an orb of fire
153952 | Zot:4    | Killed an orb of fire
154619 | Zot:4    | Got a heavily runed bone ring
154620 | Zot:4    | Identified the ring of the Everdark {rPois rF- MP+9 Str+2}
                  | (You acquired it on level 4 of the Realm of Zot)
154624 | Zot:5    | Entered Level 5 of the Realm of Zot
155065 | Zot:5    | Noticed an ancient lich
155070 | Zot:5    | Noticed an orb of fire
155071 | Zot:5    | Noticed an orb of fire
155073 | Zot:5    | Noticed an orb of fire
155243 | Zot:5    | Noticed an orb of fire
155254 | Zot:4    | Killed an ancient lich
155266 | Zot:4    | Killed an orb of fire
155372 | Zot:5    | Killed an orb of fire
155377 | Zot:5    | Noticed an ancient lich
155384 | Zot:5    | Killed an ancient lich
155391 | Zot:5    | Killed an orb of fire
155829 | Zot:5    | Killed an orb of fire
155971 | Zot:5    | Identified the +3 helmet of the Slorg {rPois rC++ Dex-3
                  | SInv} (You found it on level 5 of the Realm of Zot)
156003 | Zot:5    | Killed an orb of fire
156403 | Zot:5    | Got the Orb of Zot
156404 | Zot:5    | Noticed an ancient lich
156404 | Zot:5    | Noticed an orb of fire
156412 | Zot:5    | Killed an ancient lich
156571 | Zot:1    | Noticed Qaet the pandemonium lord
156576 | Zot:1    | Killed Qaet the pandemonium lord
156670 | Depths:5 | Noticed Reomixiq the pandemonium lord
156674 | Depths:5 | Killed Reomixiq the pandemonium lord
156822 | Depths:1 | Noticed Oggaa the pandemonium lord
156827 | Depths:1 | Killed Oggaa the pandemonium lord
156853 | D:15     | Noticed Qaoluc the pandemonium lord
156985 | D:8      | Noticed Faijarch the pandemonium lord
157210 | D:$      | Escaped with the Orb!

Levels and vault maps discovered:
D:1:      scummos_arrival_star, layout_basic
D:2:      layout_rooms, minmay_octomino_c4
D:3:      kb_forest_paths, layout_basic, gammafunk_ghost_arena, first_ration
D:4:      layout_gridville, minmay_curled_crystal, fedhas_bush_and_centaur_altar
D:5:      layout_basic, kennysheep_vampire_church, okawaru_gym_becter
D:6:      gammafunk_steamed_eel, layout_cave_pods, uniq_crazy_yiuf_cottage
D:7:      layout_loops_corners, minmay_temple_entry_grid, grunt_ogre_cave,
          uniq_duvessa, uniq_joseph
D:8:      layout_cave_pools, gammafunk_temple_overflow_pools,
          nicolae_dithmenos_through_a_glass_darkly
D:9:      layout_stronghold, kennysheep_little_box, dpeg_oklobed_lair,
          lightli_bailey_entry_fortress, xom_redecorated
D:10:     layout_roguey, minmay_radiant
D:11:     layout_roguey, david_orc_5
D:12:     layout_small_grid, nicolae_trove_entry_path_of_doom
D:13:     layout_long_grid
D:14:     layout_irregular_city, erik_vaults_2, serial_park_gazebo
          [serial_park_minivault_5x5_8], nicolae_elemental_shop
D:15:     grunt_enter_depths_giant_problem, layout_layer_cave, nicolae_wwwww,
          eino_small_chamber_without_monster
Temple:   hc_temple_tempest_star
Lair:1:   layout_cave_shapes, chequers_serial_rivers_micro_c,
          grunt_megastairs_1, infiniplex_staircase_pool
Lair:2:   layout_misc_corridors, serial_bayou_shore_b, grunt_megastairs_5
Lair:3:   layout_layer_cave, palyth_hydra_swamp_entry, grunt_megastairs_3
Lair:4:   layout_hall_layers, guppyfry_snake_entry_garden
Lair:5:   layout_cave_pods, special_room [special_room_bee]
Lair:6:   hangedman_lair_tendril_chambers, layout_misc_corridors, wormcave,
          slime_altar_2, kennysheep_basilisk_garden, lemuel_fruit_tree,
          uniq_josephine
Swamp:1:  layout_basic_swamp, nicolae_swamp_triple_paths
Swamp:2:  layout_falls_marsh, hangedman_swamp_blocks,
          infiniplex_staircase_pool_2
Swamp:3:  layout_basic_swamp, nicolae_swamp_very_dense_foliage, swamp_pool5,
          lemuel_altar_in_water, uniq_roxanne
Swamp:4:  swamp_alternative, layout_basic_swamp
Snake:1:  layout_gridlike, serial_shops, shop_fountains, st_stairs_5,
          nicolae_snake_shapes
Snake:2:  layout_rooms
Snake:3:  layout_onion_interference, serial_shops, shop_statue
Snake:4:  snake_pit, layout_onion_interference, lemuel_oklob_altar
Slime:1:  layout_caves
Slime:2:  layout_caves
Slime:3:  layout_caves
Slime:4:  layout_caves
Slime:5
Orc:1:    layout_caves, uniq_erica
Orc:2:    pubby_orc_utopia, uniq_snorg
Elf:1:    eino_elf_arrival_the_gate, layout_loops_corners,
          hangedman_elf_represent, guppyfry_library_mini
Elf:2:    layout_geoelf_grid, serial_shops, nicolae_shop_crystal,
          kilobyte_mutagenic_chamber
Elf:3:    minmay_elf_hall_dome, layout_geoelf_castle, serial_shops,
          nicolae_shop_crystal, lemuel_statue_altar
Vaults:1: nicolae_vaults_asterisk, vaults_room_hallway, v_misc_18,
          ontoclasm_vaults_idyll, ontoclasm_vaults_pinch, v_misc_17,
          hangedman_vaults_corner_blocks, v_misc_8, v_misc_13,
          nicolae_vaults_shelves_hall, vaults_dpeg_hooks,
          nicolae_vaults_border_crossing, layout_vaults_omnicross, serial_shops,
          nicolae_shop_overgrown_old_shop, uniq_nikola
Vaults:2: v_rooms_5, v_misc_33, nicolae_vaults_stairing_the_circle,
          vaults_standard_mumra_lines, vaults_room_door_hall,
          hangedman_vaults_maws, minmay_crypt_entry_necro_gods, serial_ice_b,
          nicolae_vaults_ring_of_whatevers, layout_vaults_chaotic_city
Vaults:3: nicolae_vaults_little_squares_4, vaults_room_pools,
          vaults_room_semicircle, hangedman_vaults_locks,
          vaults_dpeg_encased_lava, v_alt_pattern_3, v_misc_9,
          ontoclasm_vaults_shuriken, hangedman_vaults_stagger,
          nicolae_vaults_little_squares_1, nicolae_vaults_murderbox,
          grunt_vaults_focal, hangedman_vaults_snaps, ontoclasm_vaults_eye,
          ontoclasm_vaults_ring_small, layout_vaults_ring, serial_shops,
          shop_statue, nicolae_shop_statue_plus
Vaults:4: ontoclasm_vaults_tryst, vaults_room_ringed_pool,
          nicolae_vaults_little_ls, nicolae_vaults_big_ls,
          nicolae_vaults_network_quinsquares
          [nicolae_vaults_network_quincunx_subvault,
          nicolae_vaults_network_quincunx_subvault,
          nicolae_vaults_network_quincunx_subvault,
          nicolae_vaults_network_quincunx_subvault], v_misc_18,
          grunt_vaults_trifunnel, vaults_room_corners, vaults_room_fancy_cross,
          nicolae_vaults_ring_of_whatevers, layout_vaults_maze_snakey
Vaults:5: serial_shops
Crypt:1:  layout_misc_corridors, grunt_megastairs_2, uniq_saint_roka
Crypt:2:  layout_regular_city, basic_altar
Crypt:3:  grunt_crypt_end_deaths_head, uniq_mara
Tomb:1
Tomb:2
Tomb:3:   uniq_khufu
Depths:1: layout_cave_shapes, hell_entry, kennysheep_nondescript,
          grunt_ministairs_10, kennysheep_boxes, minmay_shop_star,
          grunt_megastairs_4, serial_bayou_shore_a
Depths:2: grated_community_mu [grated_community_mu_vampire_home,
          grated_community_mu_giant_home, grated_community_mu_spellcaster_home,
          grated_community_mu_orcish_home, grated_community_mu_troll_home,
          grated_community_mu_taur_home, grated_community_mu_unbuilt_plot],
          layout_cave_shapes, roderic_lattice_a, pf_coc_iceberg,
          minmay_room_of_horrors
Depths:3: minmay_nested_s, layout_cave_shapes, pan_entry, nrook_mini_backslash,
          grunt_mini_vestibule, serial_shops, kennysheep_mini, drop_trap,
          infiniplex_staircase_pillars_3a
Depths:4: kennysheep_big_flooded_room, layout_gridville, enter_ziggurat_d,
          hell_entry, serial_shops, shop, abyss_entry_flame_altar,
          firewood_loft, minmay_shop_grove, serial_bayou_shore_b,
          infiniplex_staircase_split_hallway
Depths:5: grunt_zot_entry_alcove, layout_gridville, hell_entry, serial_shops,
          bzr_entry_water, serial_sigils_hangedman_snap, minmay_shoptagon,
          serial_bayou_shore_b
Hell
Dis:1:    layout_gridville
Dis:2:    layout_chaotic_city
Dis:3:    layout_jigsaw, nrook_loot_triangle
Dis:4:    layout_subdivisions
Dis:5:    layout_gridville
Dis:6:    layout_chaotic_city
Dis:7:    iron_city_of_dis [dis_grunt, dis_wall_7], layout_chaotic_city
Geh:1:    layout_gehenna_lava_caves
Geh:2:    layout_gehenna_lava_caves, evilmike_ambush
          [evilmike_ambush_outer_basic, evilmike_ambush_inner_cross]
Geh:3:    layout_gehenna_lava_caves
Geh:4:    layout_gehenna_lava_caves
Geh:5:    layout_gehenna_lava_caves
Geh:6:    layout_gehenna_lava_caves
Geh:7:    geh_grunt_pentagon
Coc:1:    layout_ice_bergs
Coc:2:    layout_cocytus_water_paths
Coc:3:    layout_cocytus_water_paths
Coc:4:    layout_ice_bergs
Coc:5:    layout_ice_bergs
Coc:6:    layout_ice_bergs, door_vault
Coc:7:    coc_grunt
Tar:1:    layout_cathedral_of_symmetry, lemuel_nasty_pond
Tar:2:    layout_grid_maze
Tar:3:    layout_grid_maze
Tar:4:    layout_honeycomb
Tar:5:    layout_cathedral_of_symmetry, nicolae_tar_cuneiform_bird, door_vault
Tar:6:    layout_honeycomb
Tar:7:    tar_grunt_cathedral
Zot:1:    lemuel_halls_of_wrath, layout_misc_corridors
Zot:2:    layout_onion
Zot:3:    grunt_zot_stairs_overgrown, layout_basic
Zot:4:    layout_misc_corridors, grunt_ministairs_11
Zot:5:    layout_misc_corridors

Skill      XL: |  1  2  3  4  5  6  7  8  9 10 11 12 13 14 15 16 17 18 19 20 21 22 23 24 25 26 27 |
---------------+----------------------------------------------------------------------------------+-----
Spellcasting   | 3 4 5 6 8 9 10 11 12 13 14 15 16 17 18 19 20 21 22 27 | 27.0
Summonings     | 4 5 6 7 8 9 10 12 13 14 18 | 18.0
Fighting       | 1 3 4 5 7 9 10 11 12 13 14 15 16 17 18 27 | 27.0
Air Magic      | 1 2 4 5 |  5.0
Necromancy     | 3 6 8 9 10 11 13 14 15 17 | 17.0
Earth Magic    | 3 6 8 |  8.0
Translocations | 2 3 6 9 10 12 13 15 17 19 | 19.0
Shields        | 6 11 14 15 | 15.0
Conjurations   | 4 6 |  6.0
Dodging        | 3 5 6 8 16 | 16.7
Evocations     | 3 5 19 | 19.7
Long Blades    | 4 7 9 12 | 12.0
Charms         | 3 5 |  5.0
Armour         | 4 6 17 | 17.7
Stealth        | |  1.5

Action                   |  1- 3 |  4- 6 |  7- 9 | 10-12 | 13-15 | 16-18 | 19-21 | 22-24 | 25-27 || total
-------------------------+-------+-------+-------+-------+-------+-------+-------+-------+-------++-------
Melee: Dagger            |    85 |    90 |   124 |       |       |       |       |       |       ||   299
       Spear             |       |       |    74 |   231 |   180 |    12 |       |       |       ||   497
       Staff             |       |       |       |       |    10 |       |       |       |     1 ||    11
       Katana            |       |       |       |       |       |    29 |   560 |   688 |  4748 ||  6025
       Hunting sling     |       |       |       |       |       |       |       |     2 |       ||     2
       Trident           |       |       |       |       |       |       |       |       |   118 ||   118
       Scimitar          |       |       |       |       |       |       |       |       |  1167 ||  1167
       Eveningstar       |       |       |       |       |       |       |       |       |    18 ||    18
Throw: Stone             |       |       |       |     1 |     1 |       |       |       |       ||     2
       Throwing net      |       |       |       |       |     1 |       |     1 |       |       ||     2
 Cast: Summon Small Mamm |    62 |     2 |       |     1 |       |       |       |       |       ||    65
       Call Canine Famil |    10 |    11 |    15 |     4 |     4 |     8 |     1 |       |       ||    53
       Summon Lightning  |       |     7 |    73 |   117 |   103 |     9 |     6 |     6 |    37 ||   358
       Pain              |       |       |    36 |   206 |   503 |    79 |    13 |       |       ||   837
       Vampiric Draining |       |       |     1 |    44 |    43 |     2 |     1 |       |       ||    91
       Blink             |       |       |     1 |     3 |     8 |     3 |     1 |     3 |    24 ||    43
       Borgnjor's Vile C |       |       |       |    48 |   220 |   173 |   136 |   138 |   657 ||  1372
       Dispel Undead     |       |       |       |     6 |    68 |    17 |    96 |    23 |    20 ||   230
       Bolt of Draining  |       |       |       |       |    37 |   374 |   253 |   234 |    94 ||   992
       Summon Butterflie |       |       |       |       |     1 |     2 |       |     5 |       ||     8
       Apportation       |       |       |       |       |       |    10 |    12 |    19 |   637 ||   678
       Haunt             |       |       |       |       |       |     5 |    12 |    46 |   235 ||   298
       Malign Gateway    |       |       |       |       |       |       |     6 |    48 |   163 ||   217
       Aura of Abjuratio |       |       |       |       |       |       |     3 |     6 |    75 ||    84
       Deflect Missiles  |       |       |       |       |       |       |     1 |     6 |    18 ||    25
       Infestation       |       |       |       |       |       |       |       |       |    67 ||    67
       Summon Horrible T |       |       |       |       |       |       |       |       |    63 ||    63
       Controlled Blink  |       |       |       |       |       |       |       |       |    22 ||    22
       Passwall          |       |       |       |       |       |       |       |       |     2 ||     2
Invok: Receive Necronomi |       |       |       |     1 |       |       |       |       |       ||     1
       Potion Petition   |       |       |       |       |     1 |       |       |       |     8 ||     9
       Call Merchant     |       |       |       |       |     4 |       |     3 |     3 |     8 ||    18
 Abil: Evoke Flight      |       |       |       |       |     3 |     3 |     1 |       |    27 ||    34
       Stop Flying       |       |       |       |       |     2 |       |       |       |       ||     2
       Evoke Invisibilit |       |       |       |       |       |       |       |     1 |       ||     1
Evoke: Wand              |       |       |     2 |       |       |       |       |     3 |     8 ||    13
       Crystal ball of e |       |       |       |       |       |       |    10 |       |       ||    10
       Staff of energy   |       |       |       |       |       |       |       |       |   752 ||   752
       Staff of Dispater |       |       |       |       |       |       |       |       |     1 ||     1
  Use: Scroll            |       |     7 |     5 |    13 |     6 |    12 |    10 |    12 |    68 ||   133
 Stab: Sleeping          |     3 |     2 |     3 |       |       |       |       |       |     1 ||     9
       Distracted        |     1 |     2 |     3 |     4 |       |       |     5 |    10 |    85 ||   110
       Petrified         |       |       |       |       |       |       |       |       |     5 ||     5
       Invisible         |       |       |       |       |       |       |       |       |     2 ||     2
       Paralysed         |       |       |       |       |       |       |       |       |     4 ||     4
       Petrifying        |       |       |       |       |       |       |       |       |     3 ||     3
       Confused          |       |       |       |       |       |       |       |       |     1 ||     1
Armor: Robe              |    17 |     2 |       |       |       |       |       |       |       ||    19
       Leather armour    |       |    33 |    63 |     9 |       |       |       |       |       ||   105
       Acid dragon scale |       |       |       |    94 |    62 |       |       |       |       ||   156
       Ring mail         |       |       |       |       |    82 |    56 |   165 |   132 |       ||   435
       Scale mail        |       |       |       |       |       |       |       |   111 |  2244 ||  2355
Dodge: Dodged            |    76 |    96 |   169 |   179 |   246 |    74 |   268 |   291 |  2290 ||  3689
       Deflected         |       |       |       |       |       |       |       |    69 |   243 ||   312
Block: Shield            |       |       |       |       |   258 |   209 |   598 |   616 |  4549 ||  6230
       Reflection        |       |       |       |       |    26 |    72 |    40 |    72 |    80 ||   290
       Rpst.: Katana     |       |       |       |       |       |     1 |    45 |    28 |   249 ||   323
       Scimitar          |       |       |       |       |       |       |       |       |    77 ||    77

Table legend:
 A = Non-vault XP
 B = Vault XP
 C = Vault XP percentage of total XP
 D = Non-vault monster count
 E = Vault monster count
 F = Vault count percentage of total count
                 A         B        C        D         E       F
            +---------+---------+-------+---------+---------+-------
      Total | 1891458 | 1592466 |  45.7 |    3601 |    1892 |  34.4
            +---------+---------+-------+---------+---------+-------
        D:1 |      27 |       0 |   0.0 |      18 |       0 |   0.0
        D:2 |      30 |       5 |  14.3 |      13 |       3 |  18.8
        D:3 |      42 |     152 |  78.4 |      14 |      10 |  41.7
        D:4 |     213 |      86 |  28.8 |      15 |       1 |   6.2
        D:5 |     341 |      72 |  17.4 |      14 |       9 |  39.1
        D:6 |     614 |     128 |  17.3 |      21 |       3 |  12.5
        D:7 |     643 |     399 |  38.3 |      19 |       4 |  17.4
        D:8 |     743 |       0 |   0.0 |      27 |       0 |   0.0
        D:9 |    1104 |      62 |   5.3 |      20 |      12 |  37.5
       D:10 |     397 |     611 |  60.6 |      19 |       3 |  13.6
       D:11 |    3976 |     899 |  18.4 |      29 |      24 |  45.3
       D:12 |    3591 |     325 |   8.3 |      27 |       1 |   3.6
       D:13 |   11138 |       0 |   0.0 |      50 |       0 |   0.0
       D:14 |    5487 |    7403 |  57.4 |      22 |       8 |  26.7
       D:15 |   10194 |    1777 |  14.8 |      30 |       1 |   3.2
     Lair:1 |    5181 |     756 |  12.7 |      27 |       4 |  12.9
     Lair:2 |    4030 |     230 |   5.4 |      22 |       2 |   8.3
     Lair:3 |    2553 |    2421 |  48.7 |      19 |      11 |  36.7
     Lair:4 |    3342 |     372 |  10.0 |      23 |       3 |  11.5
     Lair:5 |    6480 |    4183 |  39.2 |      31 |      31 |  50.0
     Lair:6 |    9302 |   18603 |  66.7 |      37 |      60 |  61.9
    Swamp:1 |   12213 |       0 |   0.0 |      34 |       0 |   0.0
    Swamp:2 |    7561 |       0 |   0.0 |      17 |       0 |   0.0
    Swamp:3 |   10076 |    1521 |  13.1 |      22 |       4 |  15.4
    Swamp:4 |   13971 |   16919 |  54.8 |      42 |      27 |  39.1
    Snake:1 |   11501 |    5321 |  31.6 |      24 |      10 |  29.4
    Snake:2 |   13308 |       0 |   0.0 |      29 |       0 |   0.0
    Snake:3 |   20768 |       0 |   0.0 |      38 |       0 |   0.0
    Snake:4 |   12374 |   29629 |  70.5 |      26 |      42 |  61.8
    Slime:1 |   16114 |       0 |   0.0 |      49 |       0 |   0.0
    Slime:2 |    5930 |       0 |   0.0 |      11 |       0 |   0.0
    Slime:3 |    9040 |       0 |   0.0 |      21 |       0 |   0.0
    Slime:4 |   22314 |       0 |   0.0 |      57 |       0 |   0.0
    Slime:5 |    8990 |   22775 |  71.7 |      23 |      15 |  39.5
      Orc:1 |    2938 |     923 |  23.9 |      43 |       1 |   2.3
      Orc:2 |       0 |   20700 | 100.0 |       0 |     145 | 100.0
      Elf:1 |   24881 |   13454 |  35.1 |      39 |      21 |  35.0
      Elf:2 |   17224 |   17828 |  50.9 |      27 |      29 |  51.8
      Elf:3 |   18254 |   42484 |  69.9 |      30 |      31 |  50.8
   Vaults:1 |   29961 |   13316 |  30.8 |      54 |      15 |  21.7
   Vaults:2 |    7994 |   22807 |  74.0 |      14 |      33 |  70.2
   Vaults:3 |   30760 |   16129 |  34.4 |      62 |      17 |  21.5
   Vaults:4 |   46464 |   11779 |  20.2 |      78 |      25 |  24.3
   Vaults:5 |   20687 |  108265 |  84.0 |      32 |      92 |  74.2
    Crypt:1 |   20543 |    5575 |  21.3 |      35 |      13 |  27.1
    Crypt:2 |   30635 |       0 |   0.0 |      39 |       0 |   0.0
    Crypt:3 |       0 |   79305 | 100.0 |       0 |     125 | 100.0
     Tomb:1 |    5807 |  130036 |  95.7 |      37 |      53 |  58.9
     Tomb:2 |    7313 |   66305 |  90.1 |      33 |      65 |  66.3
     Tomb:3 |   10409 |   60570 |  85.3 |      30 |      53 |  63.9
   Depths:1 |   26989 |    4954 |  15.5 |      36 |       9 |  20.0
   Depths:2 |   30363 |   45565 |  60.0 |      43 |      84 |  66.1
   Depths:3 |   45774 |   75456 |  62.2 |      55 |      61 |  52.6
   Depths:4 |   31800 |       0 |   0.0 |      54 |       0 |   0.0
   Depths:5 |   36295 |   18485 |  33.7 |      34 |      15 |  30.6
       Hell |   23587 |   33649 |  58.8 |      34 |      63 |  64.9
      Dis:1 |    6654 |       0 |   0.0 |      20 |       0 |   0.0
      Dis:2 |    6374 |       0 |   0.0 |      15 |       0 |   0.0
      Dis:3 |    5472 |       0 |   0.0 |      10 |       0 |   0.0
      Dis:4 |    6736 |       0 |   0.0 |      19 |       0 |   0.0
      Dis:6 |    3138 |       0 |   0.0 |      18 |       0 |   0.0
      Dis:7 |   87669 |   70762 |  44.7 |     129 |      77 |  37.4
      Geh:1 |    5263 |       0 |   0.0 |      25 |       0 |   0.0
      Geh:2 |    4081 |    5504 |  57.4 |      17 |      24 |  58.5
      Geh:3 |    5500 |       0 |   0.0 |      11 |       0 |   0.0
      Geh:4 |    2163 |       0 |   0.0 |       6 |       0 |   0.0
      Geh:5 |   13882 |       0 |   0.0 |      29 |       0 |   0.0
      Geh:6 |   29534 |       0 |   0.0 |      47 |       0 |   0.0
      Geh:7 |   76656 |   39189 |  33.8 |     152 |      38 |  20.0
      Coc:1 |    7720 |       0 |   0.0 |      10 |       0 |   0.0
      Coc:2 |   22382 |       0 |   0.0 |      26 |       0 |   0.0
      Coc:3 |   16802 |       0 |   0.0 |      35 |       0 |   0.0
      Coc:5 |   27882 |       0 |   0.0 |      40 |       0 |   0.0
      Coc:6 |   16958 |       0 |   0.0 |      42 |       0 |   0.0
      Coc:7 |   61481 |   48418 |  44.1 |     107 |      47 |  30.5
      Tar:1 |    7232 |    6552 |  47.5 |      25 |      15 |  37.5
      Tar:2 |    5000 |       0 |   0.0 |      13 |       0 |   0.0
      Tar:4 |    5521 |       0 |   0.0 |       6 |       0 |   0.0
      Tar:5 |   13751 |       0 |   0.0 |      14 |       0 |   0.0
      Tar:6 |    6432 |       0 |   0.0 |      11 |       0 |   0.0
      Tar:7 |   29569 |   85832 |  74.4 |      70 |      54 |  43.5
      Zot:1 |   35785 |   36411 |  50.4 |      34 |      57 |  62.6
      Zot:2 |   40468 |       0 |   0.0 |      29 |       0 |   0.0
      Zot:3 |   37812 |     290 |   0.8 |      31 |       1 |   3.1
      Zot:4 |   63562 |   18482 |  22.5 |      46 |       5 |   9.8
      Zot:5 |   35092 |   97771 |  73.6 |      18 |      36 |  66.7
    Abyss:1 |   49637 |    1676 |   3.3 |      75 |       2 |   2.6
    Abyss:2 |    4699 |       0 |   0.0 |      13 |       0 |   0.0
    Abyss:3 |  135621 |   40492 |  23.0 |     308 |      68 |  18.1
    Abyss:4 |   45800 |       0 |   0.0 |      72 |       0 |   0.0
        Pan |  266864 |  238853 |  47.2 |     379 |     230 |  37.8
            +---------+---------+-------+---------+---------+-------
